 Dungeon Crawl Stone Soup version 0.31.0-12-g77e489cdc1 (webtiles) character file.

Game seed: 13630412990103662602

1286543 mopl the Sorcerer (level 27, -29/154 (181) HPs)
             Began as a Deep Elf Fire Elementalist on Feb 12, 2024.
             Was the Champion of Vehumet.
             Annihilated by a tainted leviathan (36 damage)
             ... on level 3 of Tartarus.
             The game lasted 05:09:42 (84071 turns).

mopl the Sorcerer (Deep Elf Fire Elementalist)     Turns: 84071, Time: 05:09:45

HP:   -29/154 (181) AC: 22    Str: 12    XL:     27
MP:   64/64         EV: 29    Int: 39    God:    Vehumet [******]
Gold: 11324         SH:  0    Dex: 22    Spells: 0/78 levels left

rFire   + + +        a - +3 Elemental Staff {ele, rElec rF+ rC+ AC+3}
rCold   + + +        I - orb of Awe {*channel, rC++}
rNeg    + + .        A - +3 troll leather armour
rPois   .            y - +3 crown of Dyrovepreva {rElec Int+2 SInv}
rElec   +            T - scarf {repulsion}
rCorr   +            k - +2 pair of gloves {Dex+3}
SInv    +            B - +2 pair of boots {Stlth+}
Will    ++...        t - amulet "Hagifam" {RegenMP rF++ Int+2}
Stlth   ++++++       D - ring "Lakoz" {Fly Will+ MP+9 Str+2}
HPRegen 1.25/turn    e - ring "Osiproaneub" {rN++ Will+ rCorr Str+6 Int+3}
MPRegen 0.79/turn

%: repel missiles, channel magic (20%)
@: lethally poisoned (-29 -> -33), flying, slowed, studying 3 skills, silenced,
heavily drained, weak-willed, very slow
A: talons 1, iridescent scales 1, agile 1, dopey 1, wild magic 1
}: 13/15 runes: decaying, serpentine, slimy, silver, iron, obsidian, icy,
abyssal, demonic, glowing, magical, fiery, dark
a: Renounce Religion


You were on level 3 of Tartarus.
You worshipped Vehumet.
Vehumet was exalted by your worship.
You visited 17 branches of the dungeon, and saw 81 of its levels.
You visited Pandemonium 1 time, and saw 22 of its levels.
You visited the Abyss 2 times.
You visited 1 bazaar.
You completed 1 ziggurat, and saw 27 of its levels.
You also visited: Bailey and Gauntlet.

You collected 17525 gold pieces.
You spent 6201 gold pieces at shops.

Inventory:

Hand Weapons
 a - the +3 Elemental Staff (weapon) {ele, rElec rF+ rC+ AC+3}
   (You acquired it on level 8 of the Dungeon)

   AC+3:      It affects your AC (+3).
   rF+:       It protects you from fire.
   rC+:       It protects you from cold.
   rElec:     It insulates you from electricity.
 b - the +7 Spriggan's Knife {stab, EV+4 Stlth+}
   (You found it on level 23 of a ziggurat)

   Stab:      It is more effective when stabbing unaware enemies, sometimes
   treating them as though they were completely helpless.
   EV+4:      It affects your evasion (+4).
   Stlth+:    It makes you more stealthy.
 N - a +0 trishula of holy wrath
 P - the +13 sceptre of Asmodeus
   (You took it off Asmodeus on level 7 of Gehenna)

   Fire Summon: It may summon demons of flame and damnation when striking foes.
Missiles
 d - 22 javelins
 g - 5 darts of dispersal
 h - 6 silver javelins
 o - 16 atropa-tipped darts
 V - 14 curare-tipped darts
Armour
 k - a +2 pair of gloves of dexterity (worn)
 x - the +1 pair of boots of Elyvilon's Favour {rPois Will- Int+5 Stlth+}
   (You found it on level 7 of Gehenna)

   Int+5:     It affects your intelligence (+5).
   rPois:     It protects you from poison Will-: It decreases your willpower.
   Stlth+:    It makes you more stealthy.
 y - the +3 crown of Dyrovepreva (worn) {rElec Int+2 SInv}
   (You found it on level 17 of a ziggurat)

   Int+2:     It affects your intelligence (+2).
   rElec:     It insulates you from electricity.
   SInv:      It lets you see invisible.
 A - a +3 troll leather armour (worn)
 B - a +2 pair of boots of stealth (worn)
 I - the orb of Awe (worn) {*channel, rC++}
   (You acquired it on level 15 of a ziggurat)

   rC++:      It greatly protects you from cold.
 T - a scarf of repulsion (worn)
Jewellery
 e - the ring "Osiproaneub" (right hand) {rN++ Will+ rCorr Str+6 Int+3}
   (You bought it in a shop on level 2 of the Dungeon)

   [ring of strength]

   Str+6:     It affects your strength (+6).
   Int+3:     It affects your intelligence (+3).
   rN++:      It greatly protects you from negative energy.
   Will+:     It increases your willpower.
   rCorr:     It protects you from acid and corrosion.
 t - the amulet "Hagifam" (around neck) {RegenMP rF++ Int+2}
   (You found it on level 17 of a ziggurat)

   [amulet of magic regeneration]

   RegenMP:   It increases your rate of magic regeneration.
   Int+2:     It affects your intelligence (+2).
   rF++:      It greatly protects you from fire.
 D - the ring "Lakoz" (left hand) {Fly Will+ MP+9 Str+2}
   (You found it on level 2 of the Depths)

   [ring of willpower]

   Str+2:     It affects your strength (+2).
   Will+:     It increases your willpower.
   MP+9:      It affects your magic capacity (+9).
   Fly:       It grants you flight.
Talismans
 G - a talisman of death
Wands
 n - a wand of roots (147)
 K - a wand of digging (54)
 Q - a wand of paralysis (126)
 S - a wand of acid (81)
Scrolls
 i - 12 scrolls of blinking
 j - 13 scrolls of revelation
 p - 30 scrolls of fog
 q - 19 scrolls of vulnerability
 r - 53 scrolls of teleportation
 E - 11 scrolls of butterflies
 R - 14 scrolls of fear
 W - 7 scrolls of silence
Potions
 c - 27 potions of curing
 l - 11 potions of haste
 m - 3 potions of invisibility
 s - 10 potions of magic
 u - 16 potions of enlightenment
 v - 29 potions of heal wounds
 w - 7 potions of brilliance
 z - 5 potions of ambrosia
 C - 10 potions of cancellation
 F - 5 potions of berserk rage
 H - 21 potions of mutation
 L - a potion of might
 O - 8 potions of resistance
Miscellaneous
 f - a box of beasts
 J - a phial of floods
 M - a lightning rod (4/4)
 U - the horn of Geryon
 X - a phantom mirror
 Y - a tin of tremorstones (2/2)


   Skills:
 + Level 20.9 Fighting
 * Level 20.4 Short Blades
 - Level 12.0 Staves
 * Level 21.0 Throwing
 - Level 10.0 Armour
 - Level 22.0 Dodging
 - Level 10.0 Stealth
 - Level 10.0 Shields
 - Level 26.0 Spellcasting
 - Level 26.0 Conjurations
 + Level 21.1 Hexes
 + Level 19.6 Translocations
 - Level 26.0 Fire Magic
 - Level 15.0 Air Magic
 + Level 20.6 Earth Magic
 - Level 12.0 Alchemy
 - Level 15.0 Evocations
 * Level 22.7 Shapeshifting


You couldn't memorise any spells.
You knew the following spells:

 Your Spells              Type           Power      Damage    Failure   Level
a - Fire Storm            Conj/Fire      86%        8d22      2%          9
b - Lehudib's Crystal Sp  Conj/Erth      83%        10d18     1%          8
c - Shatter               Erth           80%        3d58*     9%          9
d - Disjunction           Tloc           66%        N/A       8%          8
e - Blink                 Tloc           100%       N/A       1%          2
f - Apportation           Tloc           100%       N/A       1%          1
g - Orb of Destruction    Conj           73%        9d17      1%          7
i - Irradiate             Conj/Alch      65%        3d33      1%          5
j - Ignition              Fire           86%        3d22      1%          8
y - Yara's Violent Unrav  Hex/Alch       62%        3d23      1%          5
D - Discord               Hex            68%        N/A       6%          8
M - Maxwell's Capacitive  Air            72%        ∞         7%          8

Your spell library contained the following spells:

 Spells                   Type           Power      Damage    Failure   Level
 Foxfire                  Conj/Fire      100%       2x1d9     1%          1
 Kiss of Death            Conj/Necr      100%       2d13      1%          1
 Magic Dart               Conj           100%       1d8       1%          1
 Sandblast                Erth           100%       2d20      1%          1
 Shock                    Conj/Air       100%       1d9       1%          1
 Slow                     Hex            100%       N/A       1%          1
 Sting                    Conj/Alch      100%       1d9       1%          1
 Cigotuvi's Dreadful Rot  Necr/Alch/Air  100%       N/A       1%          2
 Ensorcelled Hibernation  Hex/Ice        100%       N/A       1%          2
 Jinxbite                 Hex            100%       N/A       1%          2
 Lesser Beckoning         Tloc           100%       N/A       1%          2
 Mercury Vapours          Alch/Air       100%       N/A       1%          2
 Momentum Strike          Conj/Tloc      100%       3d10      1%          2
 Scorch                   Fire           100%       2d9       1%          2
 Searing Ray              Conj           100%       2d8       1%          2
 Static Discharge         Conj/Air       100%       3-8/arc   1%          2
 Confusing Touch          Hex            100%       N/A       1%          3
 Dazzling Flash           Conj/Hex       100%       N/A       1%          3
 Gell's Gravitas          Tloc           100%       N/A       1%          3
 Hailstorm                Conj/Ice       100%       3d16      1%          3
 Inner Flame              Hex/Fire       100%       N/A       1%          3
 Mephitic Cloud           Conj/Alch/Air  100%       N/A       1%          3
 Passwall                 Erth           100%       N/A       1%          3
 Sigil of Binding         Hex            100%       N/A       1%          3
 Swiftness                Air            100%       N/A       1%          3
 Teleport Other           Tloc           100%       N/A       1%          3
 Tukima's Dance           Hex            100%       N/A       1%          3
 Volatile Blastmotes      Fire/Tloc      100%       2d18      1%          3
 Airstrike                Air            72%        2d(11-27) 1%          4
 Brom's Barrelling Bould  Conj/Erth      100%       2d11      1%          4
 Cause Fear               Hex            68%        N/A       1%          4
 Dimensional Bullseye     Hex/Tloc       67%        N/A       1%          4
 Flame Wave               Conj/Fire      100%       2d21      1%          4
 Fulminant Prism          Conj/Alch      65%        3d28      1%          4
 Ignite Poison            Fire/Alch      100%       N/A       1%          4
 Iskenderun's Mystic Bla  Conj/Tloc      100%       2d19      1%          4
 Leda's Liquefaction      Alch/Erth      74%        N/A       1%          4
 Manifold Assault         Tloc           100%       N/A       1%          4
 Olgreb's Toxic Radiance  Alch           100%       N/A       1%          4
 Passage of Golubria      Tloc           100%       N/A       1%          4
 Petrify                  Alch/Erth      100%       N/A       1%          4
 Sticky Flame             Fire/Alch      100%       2d15      1%          4
 Summon Blazeheart Golem  Fire/Summ      100%       N/A       1%          4
 Vhi's Electric Charge    Tloc/Air       100%       N/A       1%          4
 Arcjolt                  Conj/Air       80%        1d90      1%          5
 Fireball                 Conj/Fire      86%        3d32      1%          5
 Freezing Cloud           Conj/Ice/Air   83%        6-21      1%          5
 Iskenderun's Battlesphe  Conj           100%       2d15      1%          5
 Lee's Rapid Deconstruct  Erth           80%        3d36*     1%          5
 Silence                  Hex/Air        77%        N/A       1%          5
 Bombard                  Conj/Erth      83%        9d13      1%          6
 Conjure Ball Lightning   Conj/Air       80%        3x3d30    1%          6
 Dispersal                Tloc           66%        N/A       1%          6
 Eringya's Noxious Bog    Alch           56%        4d6       1%          6
 Plasma Beam              Fire/Air       93%        2x1d112   1%          6
 Starburst                Conj/Fire      86%        6d22      1%          6
 Frozen Ramparts          Ice            100%       1d16      2%          3
 Anguish                  Hex/Necr       53%        N/A       2%          4
 Animate Armour           Summ/Erth      100%       N/A       2%          4
 Enfeeble                 Hex            68%        N/A       2%          7
 Alistair's Intoxication  Alch           74%        N/A       3%          5
 Metabolic Englaciation   Hex/Ice        65%        N/A       3%          5
 Summon Mana Viper        Hex/Summ       100%       N/A       3%          5
 Spellforged Servitor     Conj/Summ      57%        N/A       3%          7
 Summon Lightning Spire   Summ/Air       100%       N/A       4%          4
 Borgnjor's Vile Clutch   Necr/Erth      65%        N/A       4%          5
 Summon Forest            Summ/Tloc      52%        N/A       4%          5
 Necrotise                Necr           100%       1d9       5%          1
 Summon Small Mammal      Summ           100%       N/A       5%          1
 Call Imp                 Summ           100%       N/A       7%          2
 Sublimation of Blood     Necr           60%        N/A       7%          2
 Chain Lightning          Conj/Air       80%        3d106     9%          9
 Call Canine Familiar     Summ           60%        N/A       10%         3
 Fugue of the Fallen      Necr           60%        N/A       10%         3
 Ozocubu's Armour         Ice            78%        N/A       10%         3
 Summon Ice Beast         Ice/Summ       78%        N/A       10%         3
 Vampiric Draining        Necr           60%        2d10      10%         3
 Animate Dead             Necr           60%        N/A       19%         4
 Dispel Undead            Necr           60%        3d21      19%         4
 Sculpt Simulacrum        Ice/Alch       56%        N/A       24%         6
 Malign Gateway           Summ/Tloc      52%        N/A       26%         7
 Curse of Agony           Necr           60%        N/A       36%         5
 Ozocubu's Refrigeration  Ice            39%        4d16      82%         7
 Death Channel            Necr           30%        N/A       83%         6
 Summon Cactus Giant      Summ           30%        N/A       83%         6
 Haunt                    Necr/Summ      30%        N/A       100%        7
 Summon Hydra             Summ           30%        N/A       100%        7
 Borgnjor's Revivificati  Necr           30%        N/A       100%        8
 Infestation              Necr           30%        N/A       100%        8
 Summon Horrible Things   Summ           30%        N/A       100%        8
 Death's Door             Necr           30%        N/A       100%        9
 Polar Vortex             Ice            39%        12d5*     100%        9


Dungeon Overview and Level Annotations

Branches:
Dungeon (15/15)            Temple (1/1) D:5            Lair (5/5) D:11
  Swamp (4/4) Lair:2        Snake (4/4) Lair:3        Slime (5/5) Lair:4
    Orc (2/2) D:9             Elf (3/3) Orc:2        Vaults (5/5) D:13
  Crypt (3/3) Vaults:3       Tomb (0/3) Crypt:3      Depths (4/4) D:15
   Hell (visited)             Dis (7/7) Hell            Geh (7/7) Hell
    Coc (7/7) Hell            Tar (3/7) Hell            Zot (5/5) Depths:4
 Bailey (visited)         Gauntlet (visited)

Altars:
Ashenzari
Cheibriados
Dithmenos
Elyvilon
Fedhas
Gozag
Hepliaklqana
Kikubaaqudgha
Makhleb
Nemelex Xobeh
Okawaru
Qazlal
Ru
Sif Muna
Trog
Uskayaw
Vehumet
Wu Jian
Xom
Yredelemnul
Zin
The Shining One
Jiyva
Lugonu

Shops:
D:2 =   D:4 *![!   D:5 :   Orc:1 (   Orc:2 *(*=   Elf:1 [*(:*[   Elf:3 !
Snake:1 *!   Vaults:1 ?   Vaults:3 (   Vaults:4 [   Vaults:5 !   Depths:1 (
Depths:3 **(:

Portals:
Hell: Depths:1 Depths:2 Depths:3 Depths:4
Abyss: Depths:1 Depths:3
Pandemonium: Depths:2 Depths:3

Annotations:
Vaults:2 2 transporters, Aqunirr's ghost, adept FeSh
Crypt:1 2 transporters


Innate Abilities, Weirdness & Mutations

You have sharp toenails.
You are partially covered in iridescent scales. (AC +2)
You are agile. (Dex +4, Str/Int -1)
You are dopey. (Int -2)
Your spells are a little harder to cast, but a little more powerful.


Message History

You feel as though you will be slow longer.
* * * LOW HITPOINT WARNING * * *
You feel extremely sick.
You feel better.
You are engulfed in dark miasma.
You are poisoned.
* * * LOW HITPOINT WARNING * * *
You feel very sick. The tainted leviathan hits you!!
* * * LOW HITPOINT WARNING * * *
The tainted leviathan hits you but does no damage.
Unknown command.
Unknown command.
Unknown command.
Okay, then.
You feel much better.
You are engulfed in dark miasma.
You are more poisoned.
* * * LOW HITPOINT WARNING * * *
You feel extremely sick.
You feel better.
The tainted leviathan closely misses you.
The tainted leviathan hits you.
* * * LOW HITPOINT WARNING * * *
You partially resist.
You feel drained.
Okay, then.
Press: ? - help, v - describe, . - travel
Here: a tainted leviathan, quivering large rocks (silenced, severely damaged, unaffected by silence)
The floor, spattered with blood.
Unknown command.
Aiming: Corrosive Bolt
Press: ? - help, Shift-Dir - straight line, f/p - tainted leviathan
Aim: a tainted leviathan, quivering large rocks (silenced, severely damaged, unaffected by silence, 100% to hit)
The bolt of acid hits the tainted leviathan!!
The acid corrodes the tainted leviathan!
The tainted leviathan is almost destroyed.
You are engulfed in dark miasma.
You are poisoned.
* * * LOW HITPOINT WARNING * * *
x2 You feel very sick.
The tainted leviathan hits you!!!
You die...

#######
#..... .
....## ...
##...(#
....##..°○.#
.......○C○.#
.......@.°##
.#....#..#.#
#### ######


You could see a tainted leviathan (unsilenced, corroded).

Vanquished Creatures
  Cerebov (Pan)
  Antaeus (Coc:7)
  Asmodeus (Geh:7)
  the Royal Jelly (Slime:5)
  Gloorx Vloq (Pan)
  the Serpent of Hell (Dis:7)
  Lom Lobon (Pan)
  Mnoleg (Pan)
  Dispater (Dis:7)
  9 dread liches
  10 ancient liches
  15 orbs of fire
  2 juggernauts (Dis:7)
  Josephina (Zot:4)
  13 shard shrikes
  Bai Suzhen (Crypt:2)
  8 Killer Klowns (Zot:5)
  Parghit (Zot:2)
  7 curse toes
  29 caustic shrikes
  Geryon (Hell)
  36 golden dragons
  3 profane servitors
  Jory (Vaults:5)
  7 bone dragons
  13 pearl dragons (Zig:23)
  6 pandemonium lords
  The ghost of Anihuhunn the Metallomancer, an adept GrEE of Vehumet (Zig:11)
  5 Tzitzimimeh
  8 electric golems
  A spectral shard shrike (Crypt:3)
  15 hellephants
  18 Brimstone Fiends
  13 iron giants
  31 tentacled monstrosities
  34 Hell Sentinels
  27 Ice Fiends
  Jorgrun (Orc:2)
  25 Orb Guardians (Zot:5)
  5 deep elf master archers
  A walking frostbound tome (Depths:2)
  6 liches
  A walking earthen tome (Depths:2)
  13 titans
  6 sphinxes
  29 searing wretches
  The ghost of Kare Xaoge the Bludgeoner, an adept DgSh (Vaults:4)
  18 quicksilver dragons
  2 deep elf blademasters (Elf:3)
  31 acid blobs
  23 Executioners
  Frances (Elf:1)
  9 tentacled starspawn
  34 ancient champions
  7 death cobs
  Kirke (Elf:1)
  The ghost of mopl the Unseen, an adept DrEn of Dithmenos (Swamp:1)
  3 thorn hunters
  6 tengu reavers
  16 shadow dragons
  20 azure jellies
  25 nagarajas
  6 draconian knights
  24 storm dragons
  23 fire giants
  15 draconian monks
  9 revenants
  6 daevas (Zig:23)
  11 fenstrider witches
  24 vault wardens
  21 protean progenitors
  14 rockslimes
  16 frost giants
  An emperor scorpion (Zig:10)
  13 quicksilver elementals
  12 narguns
  12 iron dragons
  5 demonspawn warmongers
  9 draconian shifters
  5 deep elf sorcerers
  A caustic shrike zombie (Hell)
  12 ghost moths
  75 balrugs
  Louise (Elf:1)
  17 draconian scorchers
  6 ghouls
  16 orc warlords
  27 ironbound preservers
  3 shard shrike simulacra (Coc:6)
  4 curse skulls
  A spriggan defender (Depths:3)
  4 deep elf elementalists
  23 cacodemons
  3 caustic shrike skeletons (Pan)
  8 angels
  9 draconian stormcallers
  11 quicksilver oozes
  14 draconian annihilators
  24 reapers
  7 demonspawn corrupters
  5 spectral caustic shrikes (Depths:1)
  22 very ugly things
  2 apis (Zig:23)
  7 demonspawn blood saints
  6 ironbound thunderhulks
  8 formless jellyfish
  3 broodmothers
  2 eleionomae (Swamp:4)
  2 juggernaut skeletons
  25 stone giants
  10 vampire knights
  5 ophanim (Zig:23)
  16 deep elf death magi
  8 deep elf annihilators
  7 deep elf demonologists
  4 putrid mouths
  12 demonspawn black suns
  12 wendigos
  27 elemental wellsprings
  A minotaur (Gauntlet)
  8 lorocyprocas
  17 red draconians
  11 starcursed masses
  5 dire elephants (Vaults:1)
  A spectral titan (Crypt:3)
  10 bunyips
  17 war gargoyles
  25 white draconians
  13 black draconians
  5 spark wasps
  A spark wasp (shapeshifter) (Zig:5)
  12 yellow draconians
  15 purple draconians
  A shapeshifter (Zig:5)
  9 eidola
  15 green draconians
  26 blizzard demons
  21 ettins
  2 mummy priests
  A crystal guardian (Vaults:3)
  20 iron golems
  13 green deaths
  3 shambling mangroves
  3 deep elf high priests (Vaults:5)
  A spectral shadow dragon (Vaults:4)
  5 spectral spriggans
  9 great orbs of eyes
  17 yaktaur captains
  14 fire dragons
  25 jiangshi
  3 entropy weavers
  5 peacekeepers
  6 caustic shrike simulacra (Coc:7)
  42 salamander tyrants
  Erolcha (Orc:2)
  42 vault guards
  2 hell beasts
  6 ghost crabs
  19 hydras
  9 spriggan air magi
  2 rakshasas (Depths:3)
  7 juggernaut simulacra
  7 ogre magi
  26 two-headed ogres
  14 alligators
  11 ice dragons
  11 ironbound frosthearts
  A servant of whispers (Zig:23)
  3 radroaches
  14 anacondas
  2 merfolk aquamancers (Pan)
  14 centaur warriors
  A spriggan skeleton (Abyss:3)
  8 boulder beetles
  A spectral stone giant (Tar:1)
  8 death knights
  2 catoblepae
  22 dancing weapons
  An Orb Guardian skeleton (Crypt:2)
  9 stokers
  A satyr (Zot:4)
  5 tengu warriors
  A death scarab (Zig:9)
  5 deep troll shamans
  12 naga warriors
  6 deep troll earth magi
  7 thrashing horrors
  6 death yaks
  Urug (Orc:2)
  40 hell hogs
  22 orc high priests
  3 spectral emperor scorpions (Pan)
  15 vampire magi
  3 demonic crawlers
  A spectral dire elephant (Tar:2)
  A shock serpent (shapeshifter) (Depths:1)
  47 soul eaters
  4 spriggan berserkers
  A storm dragon zombie (Crypt:1)
  Sonja (Lair:1)
  22 hell knights
  21 shock serpents
  21 deep elf knights
  15 naga sharpshooters
  Nergalle (D:10)
  66 sun demons
  16 crystal echidnas
  10 iron trolls
  32 skeletal warriors
  5 hellephant skeletons (Pan)
  4 salamander mystics (Snake:4)
  9 wretched stars
  2 pharaoh ants (Zig:10)
  A spectral bunyip (Coc:2)
  Amaemon (Lair:1)
  2 skysharks
  15 goliath frogs
  2 spatial maelstroms
  20 shadow wraiths
  16 cherubim (Zig:23)
  12 fire crabs (Zig:27)
  33 large abominations
  A golden dragon zombie (Depths:3)
  7 sea snakes (Snake:3)
  35 sixfirhies
  6 spriggan druids
  3 spectral hydras (Swamp:4)
  5 quicksilver dragon simulacra
  17 phantasmal warriors
  74 deep trolls
  3 orb spiders
  8 death drakes
  7 glowing orange brains
  11 bog bodies
  12 sun moths
  2 fenstrider witch simulacra
  13 swamp dragons
  17 flayed ghosts
  17 shadow demons
  7 arcanists
  An obsidian statue (Depths:4)
  6 naga ritualists
  19 ironbound convokers
  9 mana vipers
  28 deep elf zephyrmancers
  A tengu zombie (Zig:4)
  2 steelbarb worms (Zig:14)
  7 deep elf archers
  2 spectral alligators (Swamp:4)
  15 necromancers
  10 orc knights
  A shadow dragon zombie (Crypt:1)
  2 spriggan simulacra
  A golden dragon skeleton (Zig:9)
  10 harpies
  An alligator zombie (Swamp:4)
  An iron dragon zombie (Depths:3)
  11 lindwurms
  2 statues (D:10)
  29 deep elf pyromancers
  2 wolf spiders
  24 ugly things
  2 stone giant zombies
  A sphinx simulacrum (Vaults:4)
  14 will-o-the-wisps
  14 salamanders
  4 spectral ettins
  11 shining eyes
  A centaur zombie (Coc:2)
  2 manticores
  11 orc sorcerers
  An alligator skeleton (Crypt:1)
  4 cyclopes
  4 spectral centaurs
  32 moths of wrath
  A shining eye (shapeshifter) (Vaults:5)
  An eleionoma skeleton (Crypt:1)
  7 rust devils
  3 worldbinders
  An elephant (shapeshifter) (Depths:4)
  13 kobold blastminers
  8 guardian serpents
  A frost giant skeleton (Crypt:2)
  An eye of devastation (shapeshifter) (Vaults:5)
  3 meliai (D:14)
  15 elephants
  27 naga magi
  5 titan simulacra
  3 water nymphs (Zig:14)
  23 orange demons
  3 dire elephant zombies
  4 eyes of devastation
  4 torpor snails
  An alligator snapping turtle zombie (Coc:2)
  11 molten gargoyles
  36 black mambas
  4 gargoyles
  24 vault sentinels
  10 cane toads
  29 smoke demons
  29 hellions
  A spectral elf (Vaults:4)
  A yaktaur zombie (Vaults:2)
  An unseen horror (Abyss:3)
  13 freezing wraiths
  17 efreet
  5 tengu conjurers
  A bunyip simulacrum (Coc:1)
  A catoblepas skeleton (Crypt:2)
  3 rime drakes
  15 tormentors
  5 golden dragon simulacra
  4 swamp worm zombies (Swamp:4)
  36 yaktaurs
  4 ice devils
  A ghost moth simulacrum (Zot:4)
  5 anaconda simulacra
  3 kobold demonologists
  2 alligator snapping turtle skeletons (Coc:2)
  8 komodo dragons
  2 black draconian skeletons
  6 red devils
  2 silent spectres
  8 guardian mummies
  An iron giant simulacrum (Coc:7)
  10 ancient zymes
  A spectral harpy (Tar:1)
  2 wind drakes (Zig:25)
  11 trolls
  4 hydra zombies (Swamp:4)
  11 hellwings
  A grey draconian skeleton (Crypt:1)
  A spectral two-headed ogre (Tar:1)
  8 polar bears
  A hydra skeleton (Crypt:1)
  13 tyrant leeches
  2 harpy zombies
  4 tarantellas
  2 shadow dragon simulacra (Coc:1)
  6 bloated husks
  A tengu simulacrum (Vaults:4)
  22 blink frogs
  2 ettin zombies
  22 hornets
  8 raiju
  Prince Ribbit (D:9)
  A draconian simulacrum (Zot:4)
  A raiju (shapeshifter) (Abyss:1)
  6 stone giant simulacra
  6 glass eyes
  2 iron dragon simulacra
  3 spectral swamp dragons (Swamp:4)
  4 dream sheep (Lair:4)
  A black mamba zombie (Abyss:1)
  2 centaur simulacra
  A spriggan (shapeshifter) (Vaults:5)
  A guardian serpent skeleton (Crypt:1)
  Sigmund (D:3)
  A culicivora (Zig:10)
  13 wraiths
  5 air elementals
  2 jumping spiders (Zot:2)
  128 slime creatures
  16 ynoxinuls
  7 dire elephant simulacra
  3 shadows (Crypt:3)
  11 water elementals
  8 wyverns
  An ettin skeleton (Coc:2)
  25 spriggans
  5 basilisks
  52 yaks
  3 ushabtiu
  2 vampires
  Eustachio (D:6)
  A hog (Elf:1)
  A purple draconian simulacrum (Zot:4)
  A black mamba skeleton (Hell)
  3 fire elementals
  12 golden eyes
  3 tyrant leech zombies (Swamp:4)
  9 wargs
  Grum (D:8)
  2 redbacks (shapeshifter)
  9 steam dragons
  An ice dragon skeleton (Crypt:1)
  A human (D:13)
  19 neqoxecs
  An elf skeleton (Vaults:2)
  4 redbacks
  18 chaos spawn
  25 harpy simulacra
  4 spatial vortices
  A naga (shapeshifter) (Vaults:4)
  49 nagas
  A glowing shapeshifter zombie (Vaults:2)
  3 human simulacra (Vaults:4)
  6 acid dragons (Zig:25)
  24 water moccasins
  10 swamp worms
  Duvessa (D:5)
  7 hydra simulacra
  A two-headed ogre zombie (Crypt:1)
  7 hell hounds (Hell)
  9 swamp drakes
  4 glowing shapeshifter skeletons
  A naga skeleton (Abyss:3)
  An elf simulacrum (Vaults:4)
  69 orc warriors
  2 ice beasts (D:7)
  36 ogres
  39 laughing skulls
  3 swamp dragon zombies (Swamp:4)
  3 black bears
  6 sky beasts
  14 centaurs
  33 wolves
  9 ettin simulacra
  2 human zombies (Vaults:2)
  17 small abominations
  8 boggarts
  A kobold brigand (D:8)
  7 phantoms
  A komodo dragon zombie (Crypt:2)
  20 bullfrogs
  2 brain worms
  5 earth elementals
  4 weeping skulls
  4 necrophages (Crypt:3)
  2 gnoll sergeants
  4 scorpions
  14 wights
  4 burial acolytes (Crypt:3)
  Dowan (D:5)
  6 killer bees (D:8)
  3 spriggan zombies
  A polar bear skeleton (Crypt:1)
  2 electric eels (Lair:2)
  A bombardier beetle (D:3)
  A crimson imp (Abyss:1)
  3 hounds
  4 quasits (Abyss:1)
  3 gnoll boudas
  24 orc priests
  Crazy Yiuf (D:3)
  2 sleepcaps
  2 jellies
  4 iron imps
  2 hell rats (D:11)
  Natasha (thrice) (D:3)
  Ijyb (D:3)
  6 iguanas
  30 orc wizards
  A hound skeleton (Crypt:2)
  8 mummies
  Robin (D:3)
  23 gnolls
  5 adders
  3 river rats (D:11)
  6 shadow imps
  4 white imps
  7 ufetubi
  A ribbon worm (D:5)
  70 orcs
  5 ball pythons
  4 bats
  8 endoplasms
  A giant cockroach (D:3)
  36 goblins
  20 hobgoblins
  3 jackals (D:4)
  15 kobolds
  4 quokkas
  A frilled lizard (D:3)
  A frilled lizard zombie (Crypt:2)
  A kobold skeleton (Crypt:1)
  An orc zombie (Crypt:2)
  5 rats
  21 aspiring fleshes
  8 creeping infernos
  A spectral weapon (Zig:14)
  6 starspawn tentacles
4724 creatures vanquished.

Vanquished Creatures (collateral kills)
  Mennas (Pan)
  A royal mummy (Zig:9)
  A Killer Klown (Zot:5)
  A pearl dragon (Zig:23)
  A tentacled monstrosity (Zot:3)
  2 acid blobs
  A death cob (Zot:1)
  A storm dragon (Zig:25)
  2 shadow dragons
  A draconian monk (Zig:17)
  A frost giant (Coc:4)
  An iron dragon (Zig:25)
  A draconian shifter (Zot:1)
  A draconian scorcher (Zig:17)
  A draconian annihilator (Zig:17)
  A cacodemon (Pan)
  3 ophanim (Zig:23)
  A black draconian (Zot:1)
  A bunyip (Zot:5)
  A red draconian (Zot:5)
  2 yellow draconians (Zot:5)
  A blizzard demon (Pan)
  A soul eater (Pan)
  A skeletal warrior (Crypt:2)
  A cherub (Zig:23)
  A fire giant zombie (Zig:9)
  A phantasmal warrior (Zig:11)
  A hellion (Pan)
  A tyrant leech (Zot:3)
  A glass eye (Zig:3)
  A raiju (Abyss:3)
  A dire elephant simulacrum (Coc:1)
  A neqoxec (Pan)
  A golden eye (Zig:24)
  An orc warrior (Zig:20)
  An ettin simulacrum (Hell)
  2 mummies (Zig:9)
  A white imp (Abyss:3)
  An ufetubus (Abyss:1)
  An aspiring flesh (Zot:4)
  A lurking horror (Abyss:3)
47 creatures vanquished.

Vanquished Creatures (others)
  A sun demon (Pan)
  A bloated husk (Zig:22)
  A shadow dragon simulacrum (Hell)
  A green draconian simulacrum (Zot:4)
  2 humans (Elf:1)
  3 ball lightnings (Pan)
  2 creeping infernos
  994 fire vortices
  66 foxfires
  8 starspawn tentacles
1079 creatures vanquished.

Grand Total: 5850 creatures vanquished

Notes
Turn   | Place    | Note
-------+----------+-------------------------------------------
     0 | D:1      | mopl the Deep Elf Fire Elementalist began the quest for the
                  | Orb.
     0 | D:1      | Reached XP level 1. HP: 10/10 MP: 6/6
   600 | D:1      | Reached XP level 2. HP: 15/15 MP: 8/8
   641 | D:1      | Learned a level 2 spell: Scorch
  1099 | D:2      | Found Duju Butil's Jewellery Shop.
  1274 | D:2      | Reached XP level 3. HP: 19/19 MP: 10/10
  1317 | D:2      | Learned a level 3 spell: Volatile Blastmotes
  1619 | D:3      | Noticed Robin
  1738 | D:3      | Killed Robin
  1837 | D:3      | Noticed Natasha
  1843 | D:3      | Killed Natasha
  1844 | D:3      | Reached XP level 4. HP: 24/24 MP: 11/12
  1849 | D:3      | Learned a level 4 spell: Flame Wave
  1981 | D:3      | Noticed Ijyb
  1988 | D:3      | Killed Ijyb
  2001 | D:2      | HP: 1/24 [poisoned by an adder]
  2113 | D:3      | Reached XP level 5. HP: 28/28 MP: 13/13
  2145 | D:3      | Reached skill level 1 in Fighting
  2197 | D:3      | Found a runed translucent door.
  2198 | D:3      | Noticed Crazy Yiuf
  2453 | D:3      | Noticed Sigmund
  2457 | D:3      | Killed Sigmund
  2458 | D:3      | Reached skill level 5 in Spellcasting
  2458 | D:3      | Reached skill level 5 in Fire Magic
  2458 | D:3      | Reached XP level 6. HP: 33/34 MP: 13/16
  2649 | D:3      | Killed Crazy Yiuf
  2755 | D:4      | Found Myunk's Mass Market.
  2870 | D:4      | Found Vomiti's Distillery.
  2886 | D:4      | Bought a potion of heal wounds for 55 gold pieces
  2886 | D:4      | Bought 2 potions of curing for 66 gold pieces
  2886 | D:4      | Bought a potion of brilliance for 44 gold pieces
  2922 | D:4      | Found Qameofok's Distillery.
  2925 | D:4      | Bought a potion of attraction for 39 gold pieces
  3265 | D:4      | Found a glowing silver altar of Zin.
  3282 | D:4      | Found Wojeblie's Armour Emporium.
  3414 | D:4      | Bought a potion of lignification for 39 gold pieces
  3433 | D:5      | Entered Level 5 of the Dungeon
  3445 | D:5      | Found a staircase to the Ecumenical Temple.
  3454 | Temple   | Entered the Ecumenical Temple
  3507 | D:5      | Noticed Duvessa
  3597 | D:5      | Found a burning altar of Makhleb.
  3617 | D:5      | Reached XP level 7. HP: 39/39 MP: 18/18
  3638 | D:5      | Found Qazayzor's Magic Scroll Emporium.
  3641 | D:5      | Found an opulent altar of Gozag.
  3648 | D:5      | Found an opulent altar of Gozag.
  3648 | D:5      | Found an opulent altar of Gozag.
  3691 | D:5      | Found an opulent altar of Gozag.
  3694 | D:5      | Found a radiant altar of Vehumet.
  3945 | D:5      | Found Ikhelipp's Book Emporium.
  3962 | D:5      | Learned a level 2 spell: Blink
  4334 | D:5      | Found a bloodstained altar of Trog.
  4421 | D:6      | Reached skill level 5 in Conjurations
  4427 | D:6      | Reached skill level 1 in Translocations
  4591 | D:6      | Reached XP level 8. HP: 45/45 MP: 17/20
  4598 | D:6      | Noticed Eustachio
  4757 | D:6      | Found a broken altar of Ashenzari.
  5161 | D:6      | Killed Eustachio
  5272 | D:6      | Found a hide-covered altar of Uskayaw.
  5341 | D:5      | Became a worshipper of Vehumet
  5453 | D:7      | Found a flagged portal.
  5493 | Bailey   | Entered a bailey
  5717 | Bailey   | Reached skill level 1 in Evocations
  5847 | Bailey   | Reached * piety under Vehumet
  5847 | Bailey   | Offered knowledge of Kiss of Death by Vehumet.
  5980 | Bailey   | Reached XP level 9. HP: 51/51 MP: 23/23
  6047 | Bailey   | Noticed an orc knight
  6087 | Bailey   | Killed an orc knight
  6266 | Bailey   | Noticed an orc warlord
  6298 | Bailey   | Killed an orc warlord
  6519 | Bailey   | Reached skill level 5 in Dodging
  6519 | Bailey   | Reached skill level 5 in Translocations
  6519 | Bailey   | Reached XP level 10. HP: 52/58 MP: 24/27
  6525 | Bailey   | Learned a level 4 spell: Iskenderun's Mystic Blast
  6617 | D:4      | Bought a potion of haste for 110 gold pieces
  6617 | D:4      | Bought a potion of mutation for 88 gold pieces
  6697 | D:7      | Found a snail-covered altar of Cheibriados.
  6728 | D:7      | Offered knowledge of Sandblast by Vehumet.
  6771 | D:7      | Reached XP level 11. HP: 62/62 MP: 28/28
  6773 | D:7      | Reached ** piety under Vehumet
  6996 | D:7      | Found a transporter.
  7022 | D:7      | Found a transporter.
  7082 | D:7      | Learned a level 5 spell: Irradiate
  7902 | D:8      | Offered knowledge of Mercury Vapours by Vehumet.
  8105 | D:8      | Reached *** piety under Vehumet
  8182 | D:8      | Identified a scroll of acquirement
  8183 | D:8      | Acquired the +3 Elemental Staff {ele, rElec rF+ rC+ AC+3}
  8183 | D:8      | Found the +3 Elemental Staff {ele, rElec rF+ rC+ AC+3}
  8200 | D:8      | Reached skill level 10 in Fire Magic
  8287 | D:8      | Reached skill level 1 in Alchemy
  8403 | D:8      | Found a white marble altar of Elyvilon.
  8505 | D:8      | Noticed Grum
  8511 | D:8      | Killed Grum
  8622 | D:8      | Offered knowledge of Frozen Ramparts by Vehumet.
  8623 | D:8      | Reached skill level 5 in Fighting
  8701 | D:9      | Noticed Prince Ribbit
  8704 | D:9      | Killed Prince Ribbit
  8705 | D:9      | Reached skill level 1 in Staves
  8734 | D:9      | Noticed a two-headed ogre
  8748 | D:9      | Killed a two-headed ogre
  8798 | D:9      | Reached skill level 5 in Evocations
  9047 | D:9      | Found a blossoming altar of Fedhas.
  9333 | D:9      | Noticed a two-headed ogre
  9339 | D:9      | Killed a two-headed ogre
  9353 | D:9      | Found a staircase to the Orcish Mines.
  9471 | D:10     | Entered Level 10 of the Dungeon
  9471 | D:10     | Noticed a two-headed ogre
  9480 | D:10     | Killed a two-headed ogre
  9480 | D:10     | Reached **** piety under Vehumet
  9481 | D:10     | Reached skill level 10 in Conjurations
  9845 | D:10     | Noticed an archer statue
 10036 | D:10     | Noticed Nergalle
 10296 | D:10     | Offered knowledge of Hailstorm by Vehumet.
 10419 | D:10     | You fall into a shaft and drop 3 floors!
 10434 | D:13     | Noticed a deep elf archer
 10442 | D:13     | Noticed an ogre mage
 10442 | D:13     | Noticed a two-headed ogre
 10470 | D:12     | Noticed a boulder beetle
 10511 | D:12     | Killed a boulder beetle
 10512 | D:12     | Reached XP level 12. HP: 17/68 MP: 6/30
 11053 | D:10     | Killed Nergalle
 11280 | D:10     | Reached ***** piety under Vehumet
 11281 | D:10     | Offered knowledge of Fireball by Vehumet.
 11289 | D:10     | Learned a level 5 spell: Fireball
 11550 | D:11     | Noticed a death yak
 11551 | D:11     | Noticed a death yak
 11566 | D:11     | Killed a death yak
 11688 | D:11     | Noticed a death yak
 11695 | D:11     | Killed a death yak
 11779 | D:11     | Found a staircase to the Lair.
 11824 | D:11     | Killed a death yak
 11922 | D:11     | Noticed a two-headed ogre
 11927 | D:11     | Killed a two-headed ogre
 12285 | D:12     | Noticed a two-headed ogre
 12288 | D:12     | Killed a two-headed ogre
 12688 | Lair:1   | Entered Level 1 of the Lair of Beasts
 12698 | Lair:1   | Noticed Sonja
 12699 | Lair:1   | Killed Sonja
 12874 | Lair:1   | Noticed Amaemon
 12880 | Lair:1   | Killed Amaemon
 12944 | Lair:1   | Reached XP level 13. HP: 74/74 MP: 8/32
 13921 | Lair:2   | Reached skill level 5 in Alchemy
 14513 | Lair:2   | Found a staircase to the Swamp.
 15316 | Lair:3   | Reached skill level 5 in Staves
 15594 | Lair:3   | Found a staircase to the Snake Pit.
 15622 | Lair:3   | Found a broken altar of Ashenzari.
 15980 | Lair:4   | Reached skill level 15 in Spellcasting
 16431 | Lair:4   | Offered knowledge of Orb of Destruction by Vehumet.
 16432 | Lair:4   | Reached XP level 14. HP: 80/80 MP: 35/35
 16440 | Lair:4   | Learned a level 7 spell: Orb of Destruction
 16510 | Lair:4   | Found a viscous altar of Jiyva.
 16518 | Lair:4   | Found a staircase to the Slime Pits.
 16543 | Lair:4   | Reached skill level 1 in Shields
 16842 | Lair:5   | Entered Level 5 of the Lair of Beasts
 18075 | Lair:5   | Offered knowledge of Ozocubu's Refrigeration by Vehumet.
 19018 | Orc:1    | Entered Level 1 of the Orcish Mines
 19493 | Orc:2    | Entered Level 2 of the Orcish Mines
 19493 | Orc:2    | Noticed Erolcha
 19494 | Orc:2    | Noticed Urug
 19495 | Orc:2    | Killed Erolcha
 19497 | Orc:2    | Noticed an orc warlord
 19498 | Orc:2    | Killed Urug
 19605 | Orc:2    | Killed an orc warlord
 19612 | Orc:2    | Noticed Jorgrun
 19720 | Orc:2    | Reached ****** piety under Vehumet
 19732 | Orc:2    | Killed Jorgrun
 19733 | Orc:2    | Reached XP level 15. HP: 86/86 MP: 20/37
 19910 | Orc:2    | Reached skill level 10 in Dodging
 20036 | Orc:2    | Offered knowledge of Starburst by Vehumet.
 20203 | Orc:2    | Found a staircase to the Elven Halls.
 20300 | Orc:2    | Found Ocwopaga's General Store.
 20301 | Orc:2    | Found Mumuwkor's General Store.
 20301 | Orc:2    | Found Wikashro's Antique Weapon Emporium.
 20301 | Orc:2    | Found Qadoy's Jewellery Shop.
 20310 | Orc:2    | Bought a potion of enlightenment for 75 gold pieces
 20310 | Orc:2    | Bought a scroll of enchant weapon for 112 gold pieces
 20311 | Orc:2    | Bought 4 curare-tipped darts for 72 gold pieces
 20311 | Orc:2    | Bought a scroll of identify for 30 gold pieces
 20658 | Orc:1    | Found Midetixi's Antique Weapon Shoppe.
 21125 | D:3      | Noticed Natasha
 21126 | D:3      | Killed Natasha
 21231 | D:3      | Noticed Natasha
 21232 | D:3      | Killed Natasha
 21821 | D:2      | Bought the ring "Osiproaneub" {rN++ Will+ rCorr Str+6
                  | Int+3} for 994 gold pieces
 22626 | D:13     | Learned a level 6 spell: Starburst
 22741 | D:13     | Paralysed by an air elemental for 1 turns
 23218 | D:13     | Found a gate to the Vaults.
 24546 | D:7      | Offered knowledge of Spellforged Servitor by Vehumet.
 24691 | D:5      | Noticed Dowan
 24692 | D:5      | Killed Dowan
 24693 | D:5      | Killed Duvessa
 24944 | D:15     | Entered Level 15 of the Dungeon
 25205 | D:15     | Found a gate leading to a gauntlet.
 25215 | Gauntlet | Entered a Gauntlet
 25215 | Gauntlet | Found a transporter.
 25218 | Gauntlet | Found a runed translucent door.
 25218 | Gauntlet | Found a transporter.
 25235 | Gauntlet | Found a transporter.
 25235 | Gauntlet | Found a transporter.
 25251 | Gauntlet | Found a transporter.
 25269 | Gauntlet | Found a transporter.
 25273 | Gauntlet | Found a transporter.
 25277 | Gauntlet | Found a transporter.
 25305 | Gauntlet | Found a transporter.
 25308 | Gauntlet | Found a transporter.
 25311 | Gauntlet | Found a transporter.
 25327 | Gauntlet | Found a transporter.
 25391 | Gauntlet | Identified the orb of Plasticity {guile, Int+2}
 25408 | Gauntlet | Reached XP level 16. HP: 90/93 MP: 39/39
 25439 | Gauntlet | Identified the ring "Yrarin" {^Drain rElec rPois rN+ Dex+2}
 25566 | Gauntlet | Identified the +1 long sword of Brawling {flame, rCorr
                  | Str+4}
 25920 | D:15     | Reached skill level 15 in Fire Magic
 26086 | D:15     | Found a staircase to the Depths.
 26875 | Swamp:1  | Entered Level 1 of the Swamp
 27327 | Swamp:1  | Found a transporter.
 27389 | Swamp:1  | Noticed mopl's ghost (adept DrEn)
 27421 | Swamp:1  | Found a transporter.
 27818 | Swamp:2  | Noticed a thorn hunter
 27822 | Swamp:2  | Killed a thorn hunter
 28140 | Swamp:2  | Reached skill level 15 in Conjurations
 29178 | Swamp:3  | Noticed a thorn hunter
 29180 | Swamp:3  | Killed a thorn hunter
 29506 | Swamp:3  | Offered knowledge of Plasma Beam by Vehumet.
 29749 | Swamp:3  | Reached skill level 5 in Shields
 29998 | Swamp:4  | Entered Level 4 of the Swamp
 30009 | Swamp:4  | Reached XP level 17. HP: 99/99 MP: 41/41
 31412 | Swamp:4  | Noticed a bone dragon
 31419 | Swamp:4  | Killed a bone dragon
 32218 | Swamp:4  | Got a decaying rune of Zot
 32463 | Snake:1  | Entered Level 1 of the Snake Pit
 32499 | Snake:1  | Offered knowledge of Maxwell's Capacitive Coupling by
                  | Vehumet.
 32546 | Snake:1  | Found Asumuab's Distillery.
 32553 | Snake:1  | Bought a potion of heal wounds for 90 gold pieces
 32553 | Snake:1  | Bought a potion of invisibility for 144 gold pieces
 32553 | Snake:1  | Bought a potion of heal wounds for 90 gold pieces
 32604 | Snake:1  | Identified the amulet of the Death Scarab {Faith rC+}
 32672 | Snake:1  | Found Sextequn's Assorted Antiques.
 33593 | Snake:2  | You fall into a shaft and drop 1 floor!
 33652 | Snake:2  | Learned a level 8 spell: Maxwell's Capacitive Coupling
 34163 | Snake:3  | Found a hazy altar of Hepliaklqana.
 34164 | Snake:3  | Found the +10 dark maul {heavy}
 34195 | Snake:3  | Reached XP level 18. HP: 101/105 MP: 36/43
 34702 | Snake:4  | Entered Level 4 of the Snake Pit
 35290 | Snake:4  | Offered knowledge of Lehudib's Crystal Spear by Vehumet.
 35290 | Snake:4  | Offered knowledge of Fire Storm by Vehumet.
 35290 | Snake:4  | Offered knowledge of Polar Vortex by Vehumet.
 35457 | Snake:3  | Reached skill level 10 in Evocations
 35803 | Snake:4  | Got the Omnibus of Misfortune and Fire
 35987 | Snake:4  | Got a serpentine rune of Zot
 36382 | Elf:1    | Entered Level 1 of the Elven Halls
 36397 | Elf:1    | Noticed Kirke
 36401 | Elf:1    | Killed Kirke
 36581 | Elf:1    | Found Oteir's Book Emporium.
 36583 | Elf:1    | Found Luonu's Weapon Shop.
 36650 | Elf:1    | Noticed Louise
 36651 | Elf:1    | Noticed Frances
 36662 | Elf:1    | Killed Louise
 36663 | Elf:1    | Killed Frances
 36665 | Elf:1    | Reached skill level 1 in Air Magic
 36751 | Elf:1    | Found Emurar's General Store.
 36758 | Elf:1    | Bought a potion of haste for 140 gold pieces
 36758 | Elf:1    | Bought a scroll of teleportation for 42 gold pieces
 36758 | Elf:1    | Bought a potion of heal wounds for 70 gold pieces
 36771 | Elf:1    | Found Wosmorei's Armour Shoppe.
 36794 | Elf:1    | Bought the +1 helmet of Imokykhlu {rElec rCorr Stlth+} for
                  | 542 gold pieces
 36831 | Elf:1    | Got the Book of the Barrage
 36865 | Elf:1    | Found Uckolig's Overcharged Wands.
 36887 | Elf:1    | Found Paxos's Antique Armour Emporium.
 36887 | Elf:1    | You fall into a shaft and drop 1 floor!
 37034 | Elf:1    | Reached skill level 10 in Staves
 37034 | Elf:1    | Reached XP level 19. HP: 112/112 MP: 29/45
 37076 | Elf:1    | Reached skill level 10 in Fighting
 37675 | Elf:2    | Found a runed translucent gate.
 37675 | Elf:2    | Found a runed translucent gate.
 37675 | Elf:2    | Found a runed translucent gate.
 37887 | Elf:3    | Entered Level 3 of the Elven Halls
 37968 | Elf:3    | Identified the +6 morningstar "Xiunwakk" {heavy, rPois}
 38005 | Elf:3    | Found Vusk's Distillery.
 38955 | Elf:3    | Learned a level 6 spell: Bombard
 39127 | Elf:3    | Identified the +3 trident of Detz {pain, Int+3}
 39151 | Elf:3    | Found the +10 tower shield of Ignorance {rN+ Int-4}
 39158 | Elf:3    | Identified the +0 cloak "Linnus" {Rampage rC+++ rN+ Str-5}
 39168 | Elf:3    | Identified the +2 scale mail of Grace {Int+4}
 39194 | Elf:3    | Identified the +2 leather armour of the King of the Hill
                  | {rC+ Str+2 Dex+3}
 39201 | Elf:3    | Identified the staff of the Illusory Knives {Str+4 Earth}
 39205 | Elf:3    | Identified the staff "Trog's Wrath" {Fly rElec rC- Dex-3
                  | Summ Air}
 39209 | Elf:3    | Identified the staff "Asta" {rC+ Will++ Dex+3 Ice}
 39219 | Elf:3    | Identified the ring of the Ten Spirits {rN+ Int-4 Dex+3
                  | Slay+2 Stlth+}
 40038 | Vaults:1 | Entered Level 1 of the Vaults
 40038 | Vaults:1 | Found Xefuatits's Magic Scroll Emporium.
 40042 | Vaults:1 | Bought a scroll of fog for 88 gold pieces
 40042 | Vaults:1 | Bought 3 scrolls of teleportation for 198 gold pieces
 40651 | Vaults:1 | Learned a level 8 spell: Ignition
 40796 | Vaults:1 | Reached XP level 20. HP: 118/118 MP: 14/47
 41386 | Vaults:2 | Found a flickering gateway to a bazaar.
 41395 | Bazaar   | Entered a bazaar
 41399 | Bazaar   | Found Fonuir's Magic Scroll Boutique.
 41416 | Bazaar   | Found Cihot's Magic Scroll Emporium.
 41427 | Bazaar   | Found Utefo's Distillery.
 41466 | Bazaar   | Found Ipequoq's Magic Scroll Shoppe.
 41553 | Bazaar   | Bought 3 scrolls of fog for 108 gold pieces
 41553 | Bazaar   | Bought a scroll of acquirement for 468 gold pieces
 41553 | Bazaar   | Bought a scroll of vulnerability for 36 gold pieces
 41553 | Bazaar   | Bought a scroll of immolation for 36 gold pieces
 41553 | Bazaar   | Bought a scroll of vulnerability for 36 gold pieces
 41553 | Bazaar   | Acquired 1200 gold pieces
 41600 | Bazaar   | Bought a scroll of silence for 95 gold pieces
 41600 | Bazaar   | Bought a scroll of revelation for 75 gold pieces
 41600 | Bazaar   | Bought a scroll of revelation for 75 gold pieces
 41600 | Bazaar   | Bought a scroll of teleportation for 30 gold pieces
 41600 | Bazaar   | Bought a scroll of silence for 95 gold pieces
 41600 | Bazaar   | Bought a scroll of immolation for 40 gold pieces
 41600 | Bazaar   | Bought 2 scrolls of enchant armour for 150 gold pieces
 41637 | Bazaar   | Bought a potion of curing for 33 gold pieces
 41637 | Bazaar   | Bought a potion of ambrosia for 88 gold pieces
 41637 | Bazaar   | Bought a potion of cancellation for 88 gold pieces
 41637 | Bazaar   | Bought a potion of heal wounds for 55 gold pieces
 41657 | Bazaar   | Bought a scroll of amnesia for 48 gold pieces
 41657 | Bazaar   | Bought a scroll of revelation for 90 gold pieces
 41657 | Bazaar   | Bought a scroll of teleportation for 36 gold pieces
 41657 | Bazaar   | Bought a scroll of amnesia for 48 gold pieces
 41657 | Bazaar   | Bought a scroll of fog for 48 gold pieces
 41657 | Bazaar   | Bought a scroll of enchant armour for 90 gold pieces
 42158 | Vaults:2 | Reached skill level 5 in Air Magic
 42849 | Vaults:2 | Found a transporter.
 42849 | Vaults:2 | Identified the +5 great mace of Doom {freeze, Str+3}
 42850 | Vaults:2 | Found a transporter.
 42854 | Vaults:2 | Noticed Aqunirr's ghost (adept FeSh)
 43185 | Vaults:3 | Found Jujif's Weapon Shop.
 43458 | Vaults:3 | Found a staircase to the Crypt.
 44134 | Vaults:4 | Reached XP level 21. HP: 124/124 MP: 49/49
 44462 | Vaults:4 | Found Okixuxt's Antique Armour Shoppe.
 44868 | Vaults:4 | Identified the +11 falchion "Peutton" {speed, *Corrode
                  | rElec rN+}
 44978 | Vaults:4 | Found a runed translucent gate.
 44978 | Vaults:4 | Found a runed translucent gate.
 44978 | Vaults:4 | Found a runed translucent gate.
 44983 | Vaults:4 | Noticed Kare Xaoge's ghost (adept DgSh)
 44989 | Vaults:4 | Killed Kare Xaoge's ghost
 44992 | Vaults:4 | Reached skill level 15 in Dodging
 45061 | Vaults:5 | Entered Level 5 of the Vaults
 45374 | Vaults:5 | Noticed an ancient lich
 45759 | Lair:1   | Learned a level 9 spell: Fire Storm
 45872 | Depths:1 | Entered Level 1 of the Depths
 46218 | Depths:1 | Reached XP level 22. HP: 131/131 MP: 36/51
 46485 | Depths:1 | Found a one-way gate to the infinite horrors of the Abyss.
 46515 | Depths:1 | Found a gateway to Hell.
 46671 | Depths:1 | Found Farghada's Weapon Boutique.
 47237 | Depths:2 | Noticed a golden dragon
 47257 | Depths:2 | Killed a golden dragon
 47549 | Depths:2 | Identified the ring "Lakoz" {Fly Will+ MP+9 Str+2}
 47559 | Depths:2 | Identified the +1 plate armour "Zosoid" {rElec rC++ rCorr
                  | Dex-2}
 47622 | Depths:2 | Found a one-way gateway to a ziggurat.
 47675 | Depths:2 | Found a one-way gate leading to the halls of Pandemonium.
 47759 | Depths:2 | Found a broken altar of Ashenzari.
 48419 | Depths:3 | Reached skill level 1 in Armour
 48825 | Depths:3 | Noticed a caustic shrike
 48830 | Depths:3 | Killed a caustic shrike
 48919 | Depths:3 | Noticed a golden dragon
 48924 | Depths:3 | Killed a golden dragon
 49027 | Depths:3 | Got the Papyrus of Gloom
 49072 | Depths:3 | Found Huluh's Assorted Antiques.
 49075 | Depths:3 | Found Kaucsyig's Antique Weapon Shoppe.
 49075 | Depths:3 | Found Avodequu's General Store.
 49078 | Depths:3 | Found Appegix's Book Shoppe.
 49083 | Depths:3 | Bought a scroll of teleportation for 60 gold pieces
 49501 | Depths:3 | Found a corrupted altar of Lugonu.
 49699 | Depths:4 | Entered Level 4 of the Depths
 49699 | Depths:4 | Found a hazy altar of Hepliaklqana.
 49836 | Depths:4 | Reached XP level 23. HP: 67/137 MP: 46/53
 51645 | Depths:4 | Found a gate to the Realm of Zot.
 52307 | Vaults:5 | Killed an ancient lich
 52485 | Vaults:5 | Noticed an ancient lich
 52525 | Vaults:5 | Killed an ancient lich
 52530 | Vaults:5 | Reached XP level 24. HP: 96/144 MP: 36/54
 52639 | Vaults:5 | Noticed an ancient lich
 52665 | Vaults:5 | Killed an ancient lich
 52701 | Vaults:5 | Identified the staff of Gloom {*Corrode rF+ rC+ rN+ Earth}
 52872 | Vaults:5 | Got Sif Muna's Tome of Lethal Calefaction
 52910 | Vaults:5 | Got the Omnibus of Gathered Algor
 52914 | Vaults:5 | Identified the +1 morningstar of Deflation {vamp, rElec
                  | Int+4}
 52915 | Vaults:5 | Identified the +10 quarterstaff of the Briny Deep {pain,
                  | rN+ Str+3}
 52953 | Vaults:5 | Got a silver rune of Zot
 53025 | Vaults:5 | Got the Folio of Generation and Embers
 53085 | Vaults:5 | Noticed Jory
 53093 | Vaults:5 | Killed Jory
 53112 | Vaults:5 | Reached skill level 10 in Air Magic
 53545 | Vaults:5 | Identified the ring of Ypikykudd {Wiz rN+ Dex+2}
 53556 | Vaults:5 | Reached skill level 5 in Armour
 53811 | Vaults:5 | Found Ruus's Distillery.
 53819 | Vaults:5 | Bought a potion of curing for 60 gold pieces
 53819 | Vaults:5 | Bought a potion of curing for 60 gold pieces
 53819 | Vaults:5 | Bought a potion of haste for 200 gold pieces
 53819 | Vaults:5 | Bought a potion of heal wounds for 100 gold pieces
 53819 | Vaults:5 | Bought a potion of heal wounds for 100 gold pieces
 53819 | Vaults:5 | Bought a potion of curing for 60 gold pieces
 53871 | Crypt:1  | Entered Level 1 of the Crypt
 54000 | Crypt:1  | Noticed a dread lich
 54010 | Crypt:1  | Reached skill level 1 in Earth Magic
 54046 | Crypt:1  | Noticed a dread lich
 54055 | Crypt:1  | Found a transporter.
 54077 | Crypt:1  | Found a transporter.
 54841 | Crypt:2  | Noticed Bai Suzhen
 54852 | Crypt:2  | Killed Bai Suzhen
 54912 | Crypt:2  | Noticed an ancient lich
 54921 | Crypt:2  | Killed an ancient lich
 55351 | Crypt:3  | Entered Level 3 of the Crypt
 55758 | Crypt:3  | Learned a level 5 spell: Yara's Violent Unravelling
 55766 | Crypt:3  | Found a basalt altar of Yredelemnul.
 56032 | Crypt:3  | Identified the ring of Finality {Str+2 Dex+6}
 56062 | Crypt:3  | Reached XP level 25. HP: 123/150 MP: 55/55
 56252 | Crypt:3  | Found a staircase to the Tomb.
 56288 | Crypt:3  | Identified the ring "Biutouni" {^Drain rF+ Will++ Stlth+}
 56941 | D:10     | Identified the +0 scale mail of Coirghumi {^Drain Str+4
                  | Int+4}
 57103 | Swamp:1  | Identified the ring "Jiuqeomo" {Str+3 Dex+6}
 57105 | Swamp:1  | Killed mopl's ghost
 57467 | Elf:2    | Reached skill level 1 in Hexes
 57573 | Elf:2    | Reached skill level 1 in Shapeshifting
 58063 | Slime:1  | Entered Level 1 of the Pits of Slime
 58494 | Slime:5  | Entered Level 5 of the Pits of Slime
 58618 | Slime:5  | Noticed the Royal Jelly
 58633 | Slime:5  | Killed the Royal Jelly
 58839 | Slime:5  | Reached skill level 5 in Earth Magic
 58843 | Slime:5  | Identified the +0 robe of the Trees {Harm Will++ rCorr
                  | Int-3}
 58879 | Slime:5  | Identified the +1 morningstar of Doom {flame, rElec MP+9
                  | Int-4 Dex+3}
 58907 | Slime:5  | Identified the +10 plate armour of Infinity {Str+2}
 58911 | Slime:5  | Identified the ring "Ziup" {MP+9 Str+6 Int+2}
 58957 | Slime:5  | Identified the ring "Sageh" {rPois AC+4 Str+9 Int-3}
 58998 | Slime:5  | Got a slimy rune of Zot
 59072 | Slime:5  | Gained mutation: You sometimes lose your temper in combat.
                  | [a shining eye]
 59619 | Slime:3  | Gained mutation: You are frail. (-10% HP) [a shining eye]
 59621 | Slime:3  | Lost mutation: You are frail. (-10% HP) [potion of
                  | mutation]
 59621 | Slime:3  | Lost mutation: You sometimes lose your temper in combat.
                  | [potion of mutation]
 59621 | Slime:3  | Gained mutation: You are strong-willed. (Will+) [potion of
                  | mutation]
 59621 | Slime:3  | Gained mutation: You have hidden genetic potential. [potion
                  | of mutation]
 60284 | Zot:1    | Entered Level 1 of the Realm of Zot
 60572 | Zot:1    | Reached XP level 26. HP: 157/157 MP: 55/55
 60648 | Zot:1    | Reached skill level 5 in Hexes
 60727 | Zot:1    | Identified the +0 longbow "Xipral" {flame, Will+ Dex+4}
 61101 | Zot:2    | Noticed Parghit
 61199 | Zot:2    | Learned a level 8 spell: Lehudib's Crystal Spear
 61309 | Zot:2    | Killed Parghit
 61860 | Zot:3    | Found a transporter.
 62074 | Zot:3    | Found a transporter.
 62573 | Zot:3    | Noticed an ancient lich
 62592 | Zot:3    | Killed an ancient lich
 62743 | Zot:3    | Identified the +2 leather armour of Icsewn Bidi {Str+4
                  | SInv}
 62751 | Zot:3    | Identified the amulet "Ketz" {Acrobat rPois rCorr Slay-5}
 62754 | Zot:3    | Reached XP level 27. HP: 164/164 MP: 55/55
 62775 | Zot:3    | Identified the ring "Nugu" {Fire *Corrode Will+ MP+9 Dex+4}
 62810 | Zot:4    | Identified the ring of Nupnuam {Ice ^Drain rN+ rCorr Dex+4}
 62810 | Zot:4    | Noticed Josephina
 62816 | Zot:4    | Killed Josephina
 63096 | Zot:4    | Gained mutation: Your flesh is cold resistant. (rC+)
                  | [hidden potential]
 63615 | Zot:4    | Reached skill level 5 in Shapeshifting
 63991 | Zot:5    | Entered Level 5 of the Realm of Zot
 64554 | Zot:5    | Noticed an orb of fire
 64556 | Zot:5    | Noticed an ancient lich
 64557 | Zot:5    | Killed an ancient lich
 64558 | Zot:5    | Reached skill level 10 in Translocations
 64558 | Zot:5    | Noticed an orb of fire
 64559 | Zot:5    | Killed an orb of fire
 64562 | Zot:5    | Killed an orb of fire
 64562 | Zot:5    | Noticed an orb of fire
 64564 | Zot:5    | Killed an orb of fire
 64610 | Zot:5    | Noticed a dread lich
 64612 | Zot:5    | Killed a dread lich
 64613 | Zot:5    | Reached skill level 15 in Fighting
 64629 | Zot:5    | Noticed a dread lich
 64630 | Zot:5    | Killed a dread lich
 65010 | Zot:5    | Gained mutation: Your system is resistant to poisons.
                  | (rPois) [hidden potential]
 65010 | Zot:5    | Lost mutation: You have hidden genetic potential. [hidden
                  | potential expressed]
 65658 | Elf:1    | Bought a glowing robe for 103 gold pieces
 65658 | Elf:1    | Bought an embroidered cloak for 210 gold pieces
 65658 | Elf:1    | Bought a jewelled ring mail for 252 gold pieces
 65658 | Elf:1    | Identified the +3 ring mail of Fuzzy Wonder {rPois} (You
                  | bought it in a shop on level 1 of the Elven Halls)
 66032 | Zig:1    | Entered Level 1 of a ziggurat
 66054 | Zig:2    | Entered Level 2 of a ziggurat
 66081 | Zig:3    | Entered Level 3 of a ziggurat
 66105 | Zig:4    | Entered Level 4 of a ziggurat
 66133 | Zig:4    | Got Sif Muna's Dissertation on Mortuary Accelerants
 66142 | Zig:5    | Entered Level 5 of a ziggurat
 66176 | Zig:5    | Got the Tractate on the Unified Hornet
 66186 | Zig:5    | Reached skill level 1 in Throwing
 66189 | Zig:6    | Entered Level 6 of a ziggurat
 66216 | Zig:6    | Identified the +9 glaive "Kocrun" {heavy, rPois rC++ Str+3}
 66224 | Zig:7    | Entered Level 7 of a ziggurat
 66230 | Zig:7    | Noticed an ancient lich
 66233 | Zig:7    | Killed an ancient lich
 66248 | Zig:7    | Identified the +6 scale mail of Puajy {Int+3}
 66254 | Zig:7    | Identified the +1 robe "Dyckusm" {rElec rPois Str+3}
 66267 | Zig:8    | Entered Level 8 of a ziggurat
 66274 | Zig:8    | Noticed a dread lich
 66276 | Zig:8    | Killed a dread lich
 66278 | Zig:8    | Killed a dread lich
 66304 | Zig:9    | Entered Level 9 of a ziggurat
 66308 | Zig:9    | Noticed a royal mummy
 66311 | Zig:9    | Killed a royal mummy
 66423 | Zig:9    | Identified the +1 chain mail of Ismour {*Slow rN+ Str+5}
 66425 | Zig:9    | Got Jaonuzeph's Quarto of the Vapourous Mob
 66439 | Zig:9    | Identified the +8 sling of the Tired Priests {drain, rF+
                  | rC- Int+2 SInv}
 66446 | Zig:10   | Entered Level 10 of a ziggurat
 66468 | Zig:10   | Identified the +4 spear of the Dwarven Hall {pain, *Corrode
                  | rElec Dex+3 SInv}
 66470 | Zig:10   | Identified the +2 scale mail "Cysarr" {rElec rC+ rN+ Int-2}
 66481 | Zig:11   | Entered Level 11 of a ziggurat
 66491 | Zig:11   | Noticed Anihuhunn's ghost (adept GrEE)
 66493 | Zig:11   | Killed Anihuhunn's ghost
 66515 | Zig:11   | Identified the +9 long sword "Killer Bee's Foe" {heavy,
                  | MP+9}
 66522 | Zig:11   | Identified the +1 pair of boots of Misanthropy {+Inv Fly
                  | rF- SInv}
 66547 | Zig:11   | Reached skill level 15 in Air Magic
 66547 | Zig:11   | Reached skill level 10 in Alchemy
 66549 | Zig:11   | Acquired 714 gold pieces
 66607 | Zig:12   | Entered Level 12 of a ziggurat
 66619 | Zig:12   | Reached skill level 10 in Hexes
 66619 | Zig:12   | Noticed an ancient lich
 66620 | Zig:12   | Killed an ancient lich
 66641 | Zig:12   | Identified the +2 falchion "Dragonslayer" {venom, rPois rC+
                  | rN+ Str+3}
 66642 | Zig:12   | Identified the +7 hand axe of Gluttony {elec, Str+3 Int+4}
 66648 | Zig:12   | Identified the +7 dagger "Ytzeos" {freeze, +Blink rN+
                  | Will++ Str-5}
 66651 | Zig:13   | Entered Level 13 of a ziggurat
 66696 | Zig:13   | Identified the +7 long sword "Rerubaem" {drain, +Blink
                  | rCorr Str+5 Dex-2}
 66698 | Zig:13   | Identified the ring "Baxtamow" {Ice Will+ Slay+2}
 66717 | Zig:14   | Entered Level 14 of a ziggurat
 66743 | Zig:14   | Identified the amulet of False Hope {*Slow rElec Regen+
                  | Int+7 Dex-4}
 66761 | Zig:14   | Identified the staff of the Foot {rF+ rN+ rCorr Necro}
 66770 | Zig:15   | Entered Level 15 of a ziggurat
 66784 | Zig:15   | Reached skill level 10 in Earth Magic
 66814 | Zig:15   | Identified the +3 leather armour "Ifofeh" {rN+ MP+9 Slay+3}
 66839 | Zig:15   | Acquired the orb of Awe {*channel, rC++}
 66852 | Zig:15   | Acquired Toskiu's Catalogue of Conjuring
 66856 | Zig:15   | Identified the staff "Xuroash" {rC+ Conj}
 66859 | Zig:15   | Identified the +1 leather armour "Piumemuh" {Slay+5}
 66863 | Zig:16   | Entered Level 16 of a ziggurat
 66870 | Zig:16   | Noticed an ancient lich
 66873 | Zig:16   | Killed an ancient lich
 66876 | Zig:16   | Reached skill level 5 in Throwing
 66877 | Zig:16   | Noticed a dread lich
 66878 | Zig:16   | Killed a dread lich
 66878 | Zig:16   | Noticed a dread lich
 66879 | Zig:16   | Killed a dread lich
 66921 | Zig:16   | Identified the +2 hand axe "Foeczuuc" {freeze, ^Contam
                  | *Corrode rN+ Dex+10}
 66930 | Zig:16   | Reached skill level 10 in Shapeshifting
 66931 | Zig:16   | Identified the amulet of Miask {RegenMP Rampage Int+3
                  | Dex-5}
 66934 | Zig:16   | Identified the +0 chain mail of Buomp {Dex+7 Stlth-}
 66944 | Zig:17   | Entered Level 17 of a ziggurat
 66954 | Zig:17   | Learned a level 8 spell: Discord
 67068 | Zig:17   | Learned a level 8 spell: Disjunction
 67099 | Zig:17   | Found the +3 crown of Dyrovepreva {rElec Int+2 SInv}
 67135 | Zig:17   | Got the Precepts of the Arsonist and Scree
 67136 | Zig:17   | Identified the amulet "Hagifam" {RegenMP rF++ Int+2}
 67152 | Zig:17   | Identified the ring of the Red Skies {rN+ EV+5 Dex+7
                  | Slay-3}
 67185 | Zig:18   | Entered Level 18 of a ziggurat
 67196 | Zig:18   | Noticed Voupat the pandemonium lord
 67201 | Zig:18   | Killed Voupat the pandemonium lord
 67207 | Zig:18   | Reached skill level 10 in Armour
 67367 | Zig:18   | Identified the staff of Dympi {rF+ MP-9 Dex+3 SInv Fire}
 67370 | Zig:18   | Identified the staff of Linearity {rElec rC+ Conj Ice}
 67378 | Zig:19   | Entered Level 19 of a ziggurat
 67436 | Zig:19   | Identified the staff "Impslayer" {rN+ Necro Earth}
 67459 | Zig:19   | Identified the +1 ring mail "Amemey" {rF+ Dex+3 SInv}
 67469 | Zig:20   | Entered Level 20 of a ziggurat
 67529 | Zig:20   | Identified the +9 sling "Texzik" {heavy, rPois rF++}
 67545 | Zig:20   | Identified the +2 trident "Nuixit" {flame, Dex+3}
 67555 | Zig:20   | Identified the ring "Rasi" {rElec EV+5}
 67564 | Zig:20   | Acquired 1263 gold pieces
 67572 | Zig:21   | Entered Level 21 of a ziggurat
 67672 | Zig:21   | Identified the ring "Xaunter" {Int+3 Dex+6 SInv Stlth-}
 67697 | Zig:21   | Identified the +8 spear "Qoipa" {holy, rPois rF- Int+3}
 67702 | Zig:22   | Entered Level 22 of a ziggurat
 67744 | Zig:22   | Found the +9 staff of Olgreb {rPois∞}
 67755 | Zig:22   | Identified the ring of the Eleven Heavens {rPois rC+ rCorr}
 67758 | Zig:22   | Identified the +6 war axe "Jellyslayer" {antimagic, *Rage
                  | rPois rF+++ rCorr}
 67784 | Zig:22   | Identified the +8 shortbow "Dyomuf" {freeze, rF+ rCorr
                  | Str+3}
 67787 | Zig:22   | Identified the +7 orcbow of Corporal Punishment {drain,
                  | rN+}
 67788 | Zig:22   | Identified the +11 triple crossbow of Action {freeze, rN+
                  | Dex+5}
 67795 | Zig:22   | Identified the +7 sling of Quick Death {drain, rF+ Str+3}
 67796 | Zig:22   | Identified the +1 ring mail of Weightlessness {Will- MP+9
                  | Stlth+}
 67803 | Zig:23   | Entered Level 23 of a ziggurat
 67826 | Zig:23   | Reached skill level 10 in Throwing
 67937 | Zig:23   | Found the +7 Spriggan's Knife {stab, EV+4 Stlth+}
 67938 | Zig:23   | Found the +7 captain's cutlass {speed, disarm}
 67944 | Zig:23   | Found the +2 hat of the Bear Spirit {Spirit, Bear, *Rage
                  | Will++}
 67946 | Zig:23   | Identified the +5 hand axe "Embalmer" {freeze, rC++ Will+}
 67962 | Zig:23   | Identified the staff of Wicked Defence {rPois rN+ Str+3
                  | Int+4 Stlth- Necro}
 67967 | Zig:23   | Identified the ring "Wiff" {rPois Int+6 Dex+4 Slay+2}
 67986 | Zig:24   | Entered Level 24 of a ziggurat
 68003 | Zig:24   | Reached skill level 1 in Short Blades
 68034 | Zig:24   | Identified the +0 robe of the Eternal Void {Str+4 Int+3}
 68035 | Zig:24   | Identified the +4 battleaxe "Xidemn" {drain, ^Drain Fly
                  | Will+++ Dex+3}
 68045 | Zig:24   | Got Ytholam's Teachings on the Gathering
 68055 | Zig:24   | Identified the dragon-blood talisman of Day {SInv}
 68057 | Zig:24   | Identified the amulet "Zeneoqit" {Spirit Rampage +Inv rF-
                  | Str+8}
 68063 | Zig:24   | Identified the +1 quarterstaff of Tolil {flame, rN+ MP-9
                  | Int+2}
 68064 | Zig:24   | Identified the staff "Bomorr" {rPois rC+ Int+3 Dex-3 Ice}
 68073 | Zig:24   | Identified the staff "Wuigiryb" {^Fragile rPois rN+ SInv
                  | Alchemy}
 68078 | Zig:25   | Entered Level 25 of a ziggurat
 68102 | Zig:25   | Reached skill level 15 in Shapeshifting
 68122 | Zig:25   | Identified the staff "Haocekkayfe" {^Fragile rElec rCorr
                  | Stlth+ Air Alchemy}
 68131 | Zig:25   | Identified the ring of Altruism {Ice rCorr Int+4 Slay+2}
 68137 | Zig:25   | Identified the staff of Qazlal, Healing {Fly rN+ Dex+4
                  | Stlth+ Necro Ice}
 68154 | Zig:25   | Identified the amulet "Nec Seba" {Faith ^Drain Str+4}
 68174 | Zig:25   | Identified the +4 ring mail of Protective Custody {Harm
                  | Dex-3 Slay+3}
 68196 | Zig:25   | Learned a level 9 spell: Shatter
 68202 | Zig:26   | Entered Level 26 of a ziggurat
 68236 | Zig:26   | Reached skill level 15 in Translocations
 68245 | Zig:26   | Reached skill level 10 in Short Blades
 68285 | Zig:26   | Identified the +8 orcbow of Arcadian Defiance {flame, Str+2
                  | Int+6}
 68288 | Zig:26   | Identified the +3 flail "Cyasaos" {protect, rF- rC+ Int+3
                  | Stlth+}
 68298 | Zig:26   | Identified the amulet of Qakhu {Acrobat Rampage rC+ Will+}
 68304 | Zig:26   | Identified the ring "Kahav" {rPois Str+6}
 68308 | Zig:26   | Identified the +4 dagger "Cuxenn" {speed, MP-9 Str+2 Dex+3}
 68310 | Zig:26   | Identified the ring "Pezxom" {rF+ Int+3 SInv}
 68311 | Zig:26   | Identified the ring of Miogorimuz {rF+ rC+ Dex+3}
 68313 | Zig:26   | Identified the +9 chain mail of the Fiend {Int+5}
 68315 | Zig:26   | Identified the +4 plate armour "Mungok" {rC- Str+7 Dex-3}
 68321 | Zig:26   | Identified the +6 chain mail "Wulapih" {Rampage}
 68338 | Zig:27   | Entered Level 27 of a ziggurat
 68347 | Zig:27   | Noticed an orb of fire
 68350 | Zig:27   | Reached skill level 15 in Hexes
 68351 | Zig:27   | Killed an orb of fire
 68351 | Zig:27   | Noticed an orb of fire
 68353 | Zig:27   | Noticed an orb of fire
 68354 | Zig:27   | Noticed an orb of fire
 68354 | Zig:27   | Noticed an orb of fire
 68356 | Zig:27   | Killed an orb of fire
 68357 | Zig:27   | Killed an orb of fire
 68357 | Zig:27   | Noticed an orb of fire
 68358 | Zig:27   | Killed an orb of fire
 68359 | Zig:27   | Killed an orb of fire
 68359 | Zig:27   | Noticed an orb of fire
 68360 | Zig:27   | Noticed an orb of fire
 68361 | Zig:27   | Noticed an orb of fire
 68362 | Zig:27   | Killed an orb of fire
 68362 | Zig:27   | Noticed an orb of fire
 68363 | Zig:27   | Noticed an orb of fire
 68364 | Zig:27   | Killed an orb of fire
 68364 | Zig:27   | Killed an orb of fire
 68365 | Zig:27   | Reached skill level 15 in Earth Magic
 68365 | Zig:27   | Killed an orb of fire
 68365 | Zig:27   | Noticed an orb of fire
 68373 | Zig:27   | Killed an orb of fire
 68374 | Zig:27   | Killed an orb of fire
 68374 | Zig:27   | Killed an orb of fire
 68469 | Zig:27   | Identified the +5 arbalest "Okohu" {freeze, rElec Will+}
 68492 | Zig:27   | Identified the +3 great sword "Concordance" {venom, Stlth+}
 68493 | Zig:27   | Identified the +6 great sword of Kismet {venom, rElec Will-
                  | Int+2}
 68499 | Zig:27   | Identified the +3 helmet of Gogy {Fly rElec Will+ Str-5}
 68500 | Zig:27   | Identified the +9 longbow of the Nexus {heavy, rN+ Str-3
                  | SInv}
 68511 | Zig:27   | Identified the +1 leather armour of the Filigreed God {rN++
                  | Will+}
 68514 | Zig:27   | Identified the +0 ring mail "Zimmoor" {Str+2 Slay+2}
 68922 | Pan      | Entered Pandemonium
 68973 | Pan      | Noticed Tiol Ukh the pandemonium lord
 68987 | Pan      | Learned a level 1 spell: Apportation
 69372 | Pan      | Found an exit through the horrors of the Abyss.
 69506 | Pan      | Entered the realm of Cerebov.
 70023 | Pan      | Found the +6 sword of Cerebov {flame}
 70023 | Pan      | Noticed Cerebov
 70031 | Pan      | Killed Cerebov
 70154 | Pan      | Got a fiery rune of Zot
 70186 | Pan      | Identified the +6 flail "Syrexi" {spect, rPois rC+}
 70188 | Pan      | Identified the +5 orcbow "X" {freeze, rElec rPois Str+3}
 70189 | Pan      | Identified the staff "Ylehovuv" {rElec rPois rC- Ice
                  | Alchemy}
 70192 | Pan      | Identified the +0 ring mail of Hubris {+Blink Str+3 Slay+2}
 70270 | Pan      | Identified the +12 quarterstaff of Viebe {freeze, Str-3
                  | Dex+5}
 70470 | Pan      | Identified the ring of Piga {Ice rElec rN+ rCorr Str-3}
 70474 | Pan      | Identified the staff "Eliak" {rElec rC++ rCorr Int-5 Dex+3
                  | Air}
 70573 | Pan      | Identified the staff of Fimbulwinter {^Drain rElec rPois
                  | SInv Air}
 70577 | Pan      | Got Sif Muna's Parchment of Adjuration and Blasting
 70760 | Pan      | Entered the realm of Lom Lobon.
 70904 | Pan      | Noticed Lom Lobon
 70921 | Pan      | Killed Lom Lobon
 71083 | Pan      | Got a magical rune of Zot
 71553 | Pan      | Identified the +0 plate armour of Day {rC++}
 71627 | Pan      | Noticed Qiasoygo the pandemonium lord
 71631 | Pan      | Killed Qiasoygo the pandemonium lord
 71849 | Pan      | Identified the +0 spear of Linearity {heavy, *Noise rPois
                  | Int+4}
 72255 | Pan      | Identified the +1 battleaxe of Defence by Offence {spect,
                  | ^Fragile rElec rC+ Dex+6}
 72272 | Pan      | Noticed Mennas
 72303 | Pan      | Killed Mennas
 72457 | Pan      | Entered the realm of Mnoleg.
 72458 | Pan      | Gained mutation: Your spells are a little easier to cast,
                  | but a little less powerful. [a cacodemon]
 72459 | Pan      | Gained mutation: Armour fits poorly on your strangely
                  | shaped body. [a cacodemon]
 72461 | Pan      | Gained mutation: You are occasionally teleported next to
                  | monsters. [a cacodemon]
 72461 | Pan      | Gained mutation: You are often teleported next to monsters.
                  | [a cacodemon]
 72463 | Pan      | Gained mutation: You sometimes lose your temper in combat.
                  | [a cacodemon]
 72471 | Pan      | Reached skill level 5 in Stealth
 72480 | Pan      | Reached skill level 15 in Throwing
 72480 | Pan      | Reached skill level 10 in Shields
 72505 | Pan      | Gained mutation: You have an uncontrollable temper. [a
                  | neqoxec]
 72506 | Pan      | Gained mutation: You occasionally shout uncontrollably at
                  | your foes. [a neqoxec]
 72508 | Pan      | Lost mutation: Your system is resistant to poisons. (rPois)
                  | [potion of mutation]
 72508 | Pan      | Lost mutation: You are often teleported next to monsters.
                  | [potion of mutation]
 72508 | Pan      | Gained mutation: You are highly strong-willed. (Will++)
                  | [potion of mutation]
 72509 | Pan      | Lost mutation: Your spells are a little easier to cast, but
                  | a little less powerful. [potion of mutation]
 72509 | Pan      | Lost mutation: You occasionally shout uncontrollably at
                  | your foes. [potion of mutation]
 72509 | Pan      | Lost mutation: You are highly strong-willed. (Will++)
                  | [potion of mutation]
 72510 | Pan      | Lost mutation: You have an uncontrollable temper. [potion
                  | of mutation]
 72510 | Pan      | Lost mutation: You are strong-willed. (Will+) [potion of
                  | mutation]
 72510 | Pan      | Gained mutation: You have sharp toenails. [potion of
                  | mutation]
 72511 | Pan      | Lost mutation: Armour fits poorly on your strangely shaped
                  | body. [potion of mutation]
 72511 | Pan      | Lost mutation: You sometimes lose your temper in combat.
                  | [potion of mutation]
 72511 | Pan      | Lost mutation: You are occasionally teleported next to
                  | monsters. [potion of mutation]
 72511 | Pan      | Gained mutation: Potions are less effective at restoring
                  | your health. [potion of mutation]
 72511 | Pan      | Gained mutation: Your spells are a little harder to cast,
                  | but a little more powerful. [potion of mutation]
 72511 | Pan      | Gained mutation: You are dopey. (Int -2) [potion of
                  | mutation]
 72511 | Pan      | Gained mutation: You are partially covered in iridescent
                  | scales. (AC +2) [potion of mutation]
 72596 | Pan      | Noticed Mnoleg
 72600 | Pan      | Killed Mnoleg
 72685 | Pan      | Got a glowing rune of Zot
 72686 | Pan      | Lost mutation: Potions are less effective at restoring your
                  | health. [potion of mutation]
 72686 | Pan      | Lost mutation: Your flesh is cold resistant. (rC+) [potion
                  | of mutation]
 72686 | Pan      | Gained mutation: You are agile. (Dex +4, Str/Int -1)
                  | [potion of mutation]
 72816 | Pan      | Entered the realm of Gloorx Vloq.
 72816 | Pan      | Noticed Gloorx Vloq
 72872 | Pan      | Found an exit through the horrors of the Abyss.
 73521 | Pan      | Killed Gloorx Vloq
 73547 | Pan      | Got a dark rune of Zot
 74153 | Pan      | Noticed Famahun the pandemonium lord
 74157 | Pan      | Killed Famahun the pandemonium lord
 74190 | Pan      | Got a demonic rune of Zot
 74269 | Pan      | Reached skill level 15 in Short Blades
 74484 | Pan      | Noticed Goimeack the pandemonium lord
 74488 | Pan      | Killed Goimeack the pandemonium lord
 74620 | Pan      | Noticed Nupogg the pandemonium lord
 74642 | Pan      | Killed Nupogg the pandemonium lord
 74643 | Pan      | Reached skill level 10 in Stealth
 74940 | Pan      | Noticed Wetti the pandemonium lord
 74942 | Pan      | Killed Wetti the pandemonium lord
 75065 | Pan      | Found an exit through the horrors of the Abyss.
 75075 | Pan      | Took an exit into the Abyss.
 75075 | Abyss:1  | Escaped into the Abyss
 75075 | Abyss:1  | Found a corrupted altar of Lugonu.
 75077 | Abyss:1  | Found a corrupted altar of Lugonu.
 75077 | Abyss:1  | Found a corrupted altar of Lugonu.
 75122 | Abyss:1  | Found a corrupted altar of Lugonu.
 75125 | Abyss:1  | Found a corrupted altar of Lugonu.
 75145 | Abyss:1  | Found a corrupted altar of Lugonu.
 75193 | Abyss:1  | Found a corrupted altar of Lugonu.
 75212 | Abyss:1  | Found a corrupted altar of Lugonu.
 75230 | Abyss:1  | Found a corrupted altar of Lugonu.
 75240 | Abyss:1  | Found a corrupted altar of Lugonu.
 75242 | Abyss:1  | Found a corrupted altar of Lugonu.
 75299 | Abyss:1  | Found a corrupted altar of Lugonu.
 75435 | Abyss:1  | Found a hazy altar of Hepliaklqana.
 75629 | Depths:2 | Escaped the Abyss
 75684 | Depths:3 | Voluntarily entered the Abyss.
 75793 | Abyss:1  | Found a corrupted altar of Lugonu.
 75820 | Abyss:1  | Found a corrupted altar of Lugonu.
 75980 | Abyss:1  | Found a corrupted altar of Lugonu.
 76045 | Abyss:3  | Found a corrupted altar of Lugonu.
 76074 | Abyss:3  | Found a corrupted altar of Lugonu.
 76082 | Abyss:3  | Found a corrupted altar of Lugonu.
 76082 | Abyss:3  | Found a corrupted altar of Lugonu.
 76166 | Abyss:3  | Found a corrupted altar of Lugonu.
 76211 | Abyss:3  | Noticed a dread lich
 76231 | Abyss:3  | Killed a dread lich
 76282 | Abyss:3  | Found a corrupted altar of Lugonu.
 76579 | Abyss:3  | Found a corrupted altar of Lugonu.
 76611 | Abyss:3  | Got an abyssal rune of Zot
 76784 | Depths:3 | Escaped the Abyss
 76823 | Hell     | Entered the Vestibule of Hell
 76823 | Hell     | Noticed Geryon
 76830 | Hell     | Killed Geryon
 77130 | Hell     | Found a gateway to the decaying netherworld of Tartarus.
 77193 | Hell     | Found a gateway to the ashen valley of Gehenna.
 77267 | Hell     | Found a gateway to the freezing wastes of Cocytus.
 77349 | Hell     | Found a gateway to the Iron City of Dis.
 77409 | Dis:1    | Entered Level 1 of the Iron City of Dis
 77443 | Dis:1    | Noticed a dread lich
 77444 | Dis:1    | Killed a dread lich
 78834 | Dis:7    | Entered Level 7 of the Iron City of Dis
 79011 | Dis:7    | Noticed a dread lich
 79014 | Dis:7    | Killed a dread lich
 79253 | Dis:7    | Noticed a juggernaut
 79256 | Dis:7    | Killed a juggernaut
 79332 | Dis:7    | Found the +5 scythe "Finisher" {speed, execute}
 79345 | Dis:7    | Identified the ring of Temptation {rN++ AC+4 Stlth+}
 79356 | Dis:7    | Identified the ring "Plog" {^Contam rF++ Will+ Dex+6 SInv}
 79377 | Dis:7    | Identified the +8 quarterstaff "Laothrida" {freeze,
                  | ^Fragile Fly rPois Int+4}
 80065 | Dis:7    | Noticed the Serpent of Hell
 80078 | Dis:7    | Killed the Serpent of Hell
 80079 | Dis:7    | Reached skill level 15 in Evocations
 80302 | Dis:7    | Noticed a juggernaut
 80312 | Dis:7    | Killed a juggernaut
 80378 | Dis:7    | Noticed Dispater
 80385 | Dis:7    | Killed Dispater
 80425 | Dis:7    | Got an iron rune of Zot
 80426 | Dis:7    | Identified the +5 rapier of Tass {freeze, rC++ Will+ Str+3
                  | Stlth+}
 80613 | Coc:1    | Entered Level 1 of Cocytus
 80757 | Coc:2    | Noticed an ancient lich
 80760 | Coc:2    | Killed an ancient lich
 81020 | Coc:4    | Paralysed by a wendigo for 1 turns
 81142 | Coc:7    | Entered Level 7 of Cocytus
 81193 | Coc:7    | Paralysed by a wendigo for 1 turns
 81282 | Coc:7    | Noticed Antaeus
 81287 | Coc:7    | Killed Antaeus
 81299 | Coc:7    | Got an icy rune of Zot
 81471 | Coc:7    | Identified the +1 dagger of Hatred {protect, *Corrode rF++
                  | rC+ rN+}
 81608 | Geh:1    | Entered Level 1 of Gehenna
 82661 | Geh:7    | Entered Level 7 of Gehenna
 83132 | Geh:7    | Identified the +1 pair of boots of Elyvilon's Favour {rPois
                  | Will- Int+5 Stlth+}
 83352 | Geh:7    | Found the +13 sceptre of Asmodeus
 83352 | Geh:7    | Noticed Asmodeus
 83377 | Geh:7    | Killed Asmodeus
 83455 | Geh:7    | Got an obsidian rune of Zot
 83476 | Geh:7    | Got the Omnibus of the Harmful Icicle
 83682 | Tar:1    | Entered Level 1 of Tartarus
 84071 | Tar:3    | HP: 7/154 [poisoned by a tainted leviathan (dark miasma)]
 84071 | Tar:3    | Annihilated by a tainted leviathan

Illustrated notes

Levels and vault maps discovered:
D:1:      lemuel_arrival_funnel, layout_basic, minmay_pentomino_v2
D:2:      layout_loops_ring, serial_shops, nicolae_shop_statue_plus
D:3:      layout_loops_ring, uniq_natasha, uniq_sigmund, uniq_ijyb,
          uniq_crazy_yiuf_cottage, uniq_robin
D:4:      kennysheep_goblin_castle, layout_cave_pools,
          mainiacjoe_overflow_six_doors_small, serial_shops,
          nicolae_shop_just_a_little_nook, nicolae_shop_industrial_runoff, shop,
          kennysheep_pointless_box, minmay_shop_mass
D:5:      layout_basic, mainiacjoe_overflow_alcove_4,
          nicolae_gozag_conspicuous_consumption,
          chequers_temple_overflow_statue_of_worship, minmay_temple_entry_waves,
          serial_shops, shop, shop_fountains, uniq_duvessa
D:6:      layout_cave_pools, kennysheep_little_box,
          nicolae_uskayaw_murder_on_the_dancefloor, uniq_eustachio
D:7:      gammafunk_wand_slinger, layout_basic, cheibriados_altar_2,
          enter_bailey_2, nicolae_water_bricks
D:8:      kennysheep_steamy, layout_cave_pools, elyvilon_altar_3,
          hangedman_abyss_or_decor_stagger, uniq_grum
D:9:      layout_basic, marbit_many_paths, orc_0_dummy,
          serial_library_hellmonk_h_bend, hangedman_decor_peaks_small,
          uniq_prince_ribbit1
D:10:     layout_loops_cross, minmay_dual_archer_statues, uniq_nergalle
D:11:     layout_rooms, dpeg_lair_monsters
D:12:     layout_roguey
D:13:     layout_basic, grunt_vaults_entry_fortified, serial_park_tiny_pond,
          kennysheep_path_1, dreamdust_looks_like_rain
D:14:     layout_basic, serial_bayou_pond_d
D:15:     hangedman_depths_entry_civil_slaughter, layout_cave_pods,
          serial_bayou_shore_b, gauntlet_entry_generic, nicolae_two_hexagons
Temple:   hellmonk_temple_forest_ring
Lair:1:   layout_loops_ring, serial_bayou_shore_b, grunt_megastairs_2,
          uniq_sonja, uniq_amaemon
Lair:2:   layout_cave_pods, nicolae_swamp_entry_splash_gauntlet
Lair:3:   layout_hall_layers, minmay_snake_entry_guardpost_small, basic_altar,
          grunt_megastairs_5
Lair:4:   layout_regular_city, slime_entry_1
Lair:5:   minmay_lair_end_enchanted_forest, layout_small_grid
Swamp:1:  layout_falls_marsh, gammafunk_ghost_berserking_beasts,
          evilmike_swamp_ruin_house_2, infiniplex_staircase_pool
Swamp:2:  layout_falls_marsh, evilmike_swamp_ruin_wall,
          nicolae_swamp_tree_isthmus
Swamp:3:  layout_basic_swamp, nicolae_swamp_fairy_circle, swamp_pool_1_2,
          st_swamp_ruins_4
Swamp:4:  swamp_pestilence, layout_basic_swamp, swamp_pool_1_2,
          hangedman_swamp_blocks
Snake:1:  layout_basic, serial_shops, nicolae_shop_tiny_real_fake_doors,
          minmay_shop_star
Snake:2:  layout_basic, serial_library_hellmonk_angled_corner
Snake:3:  nicolae_snake_attic_fulla_snakes, layout_grid_maze, basic_altar
Snake:4:  minmay_snake_end_coiled, layout_gridlike,
          nicolae_snake_slithery_hallway
Slime:1:  layout_caves
Slime:2:  nicolae_slime_spelunking
Slime:3:  layout_caves
Slime:4:  layout_caves
Slime:5:  slime_pit_nicolae_block_by_block
Orc:1:    layout_diamond_mine, serial_shops, shop, nicolae_orc_lost_temple
Orc:2:    st_orc_ogre_mass, layout_caves, uniq_urug, uniq_jorgrun, uniq_erolcha
Elf:1:    eino_elf_arrival_the_gate, layout_loops_ring, serial_shops, shop,
          shop, shop, shop, shop, minmay_elf_annihilation,
          serial_sigils_hangedman_shear, nicolae_shop_overcharged_wands,
          uniq_kirke, uniq_frances, uniq_louise
Elf:2:    nicolae_elf_blades_splatter_lattice [nicolae_blade_bullseye],
          layout_geoelf_grid
Elf:3:    elf_hall, layout_geoelf_octagon, serial_shops, shop,
          lemuel_flamethrower_1
Vaults:1: ontoclasm_vaults_misaligned, nicolae_vaults_antechamber_and_loot_room,
          nicolae_vaults_little_squares_3, nicolae_vaults_offset_grid_hallway_2,
          nicolae_vaults_cochlea, nicolae_vaults_little_ls,
          hangedman_vaults_stream, v_pattern_1, hangedman_vaults_stagger,
          nicolae_vaults_diamond_1, vaults_mumra_hexcomb,
          nicolae_vaults_closet_pinwheel_6, hangedman_vaults_corner_blocks,
          layout_vaults_big_cross, serial_shops, shop
Vaults:2: gammafunk_ghost_smash, vaults_dpeg_encased_lava, st_star,
          hangedman_vaults_locks, nicolae_vaults_sealed_display,
          hangedman_vaults_restitches, nicolae_vaults_tetromino_Z_2,
          nicolae_vaults_alarming, layout_vaults_chaotic_city, serial_shops,
          bzr_entry_dummy
Vaults:3: v_misc_26, nicolae_vaults_six-pack, blue_anna_dwarven_crypt,
          nicolae_vaults_trapezoid_lopsided_4,
          nicolae_vaults_taking_the_gang_shopping, nicolae_vaults_prndl,
          ontoclasm_vaults_chip, dpeg_vaults_monster_box, layout_vaults_omnigrid
Vaults:4: gammafunk_ghost_necromancy, nicolae_vaults_whirlpool_walls,
          nicolae_vaults_shrinking_rooms_2, nicolae_vaults_storage_closets_3,
          nicolae_vaults_sesquioval_fish, nicolae_vaults_trapezoid_lopsided_4,
          nicolae_vaults_house_3, nicolae_vaults_frosty_reception,
          nicolae_vaults_hexular_roomagon, nicolae_vaults_lightning_bolt,
          hangedman_vaults_snaps, hangedman_vaults_trim,
          nicolae_vaults_little_squares_4, vaults_room_stairs_pillars,
          nicolae_vaults_little_squares_4, layout_vaults_omnibox, serial_shops,
          shop
Vaults:5: uniq_jory
Crypt:1:  gammafunk_the_bubble [the_bubble_gammafunk_split], layout_basic
Crypt:2:  layout_regular_city, minmay_misc_feat_columns,
          roderic_lattice_octagonal_star, uniq_bai_suzhen
Crypt:3:  grunt_crypt_end_deaths_head
Depths:1: layout_roguey, abyss_entry, pf_hell_entry_tar_river,
          hangedman_decor_clover_reticule, nicolae_inconvenience_store,
          kennysheep_generic_room_12, grunt_megastairs_4
Depths:2: minmay_textured_paths, layout_gridlike, enter_ziggurat_f,
          hangedman_coc_ice_floe, rand_demon_pan_entry_4,
          cheibrodos_ashenzari_chains, nrook_mini_vaults
Depths:3: minmay_two_paths, layout_gridlike, hangedman_decor_slide_cut,
          abyss_entry_flame_altar, hell_entry, pan_entry, minmay_shoptagon
Depths:4: lemuel_castle_with_subvaults [lemuel_castle_interior_carwin_3],
          layout_gridlike, grunt_hell_entry_demonic_statue,
          nzn_hepliaklqana_mist_gate, grunt_megastairs_1
Hell
Dis:1:    layout_jigsaw
Dis:2:    layout_subdivisions, nicolae_dis_metal_dragon_surprise
Dis:3:    layout_regular_city
Dis:4:    layout_subdivisions
Dis:5:    layout_subdivisions
Dis:6:    layout_gridville, nicolae_dis_emergency_hatch
Dis:7:    dis_st
Geh:1:    layout_gehenna_pools_triple
Geh:2:    nicolae_geh_erupted_tower, layout_gehenna_lava_caves,
          nicolae_geh_gnashing_of_teeth
Geh:3:    layout_gehenna_pools_box
Geh:4:    layout_gehenna_lava_caves
Geh:5:    layout_gehenna_pools_triple, hangedman_gehenna_grave_pits
Geh:6:    layout_gehenna_pools_box
Geh:7:    geh_grunt
Coc:1:    layout_ice_bergs, nicolae_hells_seeping_fissure
Coc:2:    layout_ice_bergs, special_room [special_room_morgue]
Coc:3:    layout_cocytus_delve, nicolae_hells_seeping_fissure
Coc:4:    layout_ice_bergs
Coc:5:    layout_cocytus_water_paths
Coc:6:    layout_cocytus_water_paths
Coc:7:    coc_dpeg
Tar:1:    layout_grid_maze
Tar:2:    layout_grid_maze, nicolae_tar_honey_chapel
Tar:3:    layout_grid_maze, nicolae_hells_leichenhalle
Zot:1:    layout_gridlike, hangedman_zot_decor_tridents
Zot:2:    layout_misc_corridors, hangedman_spider_trapstep,
          regret_index_zotdec_banners, uniq_parghit
Zot:3:    gammafunk_dig_for_victory, layout_cellular_growth,
          lemuel_baited_zot_trap
Zot:4:    layout_basic, drop_trap, uniq_josephina
Zot:5:    layout_basic, grunt_ministairs_9

Skill      XL: |  1  2  3  4  5  6  7  8  9 10 11 12 13 14 15 16 17 18 19 20 21 22 23 24 25 26 27 |
---------------+----------------------------------------------------------------------------------+-----
Conjurations   | 2 3 4 5 6 9 10 11 12 13 14 15 16 17 18 19 20 21 22 23 26 | 26.0
Spellcasting   | 4 5 6 7 8 11 12 13 15 16 17 18 19 20 21 22 23 24 25 26 | 26.0
Fire Magic     | 4 5 6 7 9 10 11 13 14 15 16 17 18 19 20 21 22 23 24 26 | 26.0
Fighting       | 1 2 3 4 5 6 7 8 9 10 11 12 13 14 20 | 20.9
Translocations | 1 2 5 6 7 8 9 19 | 19.6
Evocations     | 1 4 5 6 7 8 9 10 15 | 15.0
Dodging        | 5 6 7 8 9 10 11 12 13 14 15 16 17 18 22 | 22.0
Alchemy        | 3 4 5 7 12 | 12.0
Staves         | 2 3 5 6 7 8 9 10 11 12 | 12.0
Shields        | 2 3 5 10 | 10.0
Air Magic      | 1 4 6 7 8 9 10 12 15 | 15.0
Armour         | 2 4 5 6 7 10 | 10.0
Earth Magic    | 3 5 6 20 | 20.6
Hexes          | 4 6 21 | 21.1
Shapeshifting  | 3 4 22 | 22.7
Throwing       | 21 | 21.0
Short Blades   | 20 | 20.4
Stealth        | 10 | 10.0

Action                     |  1- 3 |  4- 6 |  7- 9 | 10-12 | 13-15 | 16-18 | 19-21 | 22-24 | 25-27 || total
---------------------------+-------+-------+-------+-------+-------+-------+-------+-------+-------++-------
  Melee: Dagger            |       |       |     1 |       |       |       |       |       |       ||     1
         Staff             |       |       |       |    15 |    51 |    49 |    56 |   238 |   318 ||   727
         Punch             |       |       |       |       |     1 |       |       |       |       ||     1
  Throw: Javelin           |       |       |       |       |       |       |       |       |    10 ||    10
   Cast: Foxfire           |    15 |       |       |    13 |       |       |       |       |       ||    28
         Scorch            |    37 |    74 |   196 |   278 |     1 |       |       |       |       ||   586
         Flame Wave        |       |       |     1 |    19 |    17 |     2 |       |       |       ||    39
         Iskenderun's Myst |       |       |       |     9 |    18 |    25 |     8 |    19 |     3 ||    82
         Volatile Blastmot |       |       |       |     2 |       |       |       |       |       ||     2
         Fireball          |       |       |       |    57 |   424 |   599 |   491 |   462 |   156 ||  2189
         Orb of Destructio |       |       |       |       |     8 |    62 |    31 |   112 |    38 ||   251
         Starburst         |       |       |       |       |     2 |    19 |    19 |    11 |       ||    51
         Irradiate         |       |       |       |       |       |    21 |    19 |    36 |    16 ||    92
         Ignition          |       |       |       |       |       |       |    60 |   131 |    96 ||   287
         Blink             |       |       |       |       |       |       |     3 |     4 |     3 ||    10
         Bombard           |       |       |       |       |       |       |     1 |    50 |    43 ||    94
         Fire Storm        |       |       |       |       |       |       |       |     9 |   672 ||   681
         Yara's Violent Un |       |       |       |       |       |       |       |       |     4 ||     4
         Lehudib's Crystal |       |       |       |       |       |       |       |       |  1077 ||  1077
         Shatter           |       |       |       |       |       |       |       |       |   106 ||   106
         Maxwell's Capacit |       |       |       |       |       |       |       |       |    16 ||    16
         Apportation       |       |       |       |       |       |       |       |       |    12 ||    12
         Disjunction       |       |       |       |       |       |       |       |       |     1 ||     1
  Evoke: Wand              |       |       |     5 |    15 |       |       |     1 |       |    13 ||    34
         Phantom mirror    |       |       |       |       |       |       |       |       |     2 ||     2
    Use: Potion            |       |       |     1 |     1 |       |       |     1 |     4 |    36 ||    43
         Scroll            |       |       |       |    15 |     7 |     3 |     9 |     2 |    24 ||    60
   Stab: Distracted        |       |       |       |     1 |       |       |       |     1 |     3 ||     5
         Sleeping          |       |       |       |       |       |       |       |       |     1 ||     1
 Armour: Robe              |    13 |    12 |    29 |    39 |       |       |       |       |       ||    93
         Steam dragon scal |       |       |       |    59 |       |       |       |       |       ||    59
         Troll leather arm |       |       |       |    25 |   110 |   198 |   149 |   359 |   591 ||  1432
  Dodge: Dodged            |     6 |    10 |    28 |   104 |    92 |   136 |   103 |   287 |   699 ||  1465
         Repelled          |       |       |       |       |       |       |       |       |     7 ||     7
  Block: Buckler           |       |       |       |       |    10 |     4 |       |       |       ||    14
